Workbook

Sheet Médico Clinico
A1: PLANILHA DE COMPOSIÇÃO DE CUSTOS E FORMAÇÃO DE PREÇOS
A2: MODELO
A3: MÉDICO CLÍNICO
A7: Módulo 1 - Composição da Remuneração
A9: 1 | B9: Composição da Remuneração | C9: Valor (R$)
A10: A | B10: Pró-labore | C10: 0
A11: B | B11: Adicional de Periculosidade
A12: C | B12: Adicional de Insalubridade 20%
A13: D | B13: Adicional Noturno
A14: E | B14: Adicional de Hora Noturna Reduzida
A15: F | B15: Descanso Semanal Remunerado
A16: G | B16: Outros (especificar)
A17: Total | C17: =SUM(C10:C16) -> 0
A18: * Salário- Base estimativa de mercado
A20: Módulo 2 - Encargos e Benefícios Anuais, Mensais e Diários
A22: Submódulo 2.1 - 13º (décimo terceiro) Salário, Férias e Adicional de Férias
A24: 2.1 | B24: 13º (décimo terceiro) Salário, Férias e Adicional de Férias | C24: Valor (R$)
A25: A | B25: 13º (décimo terceiro) Salário | C25: 0
A26: B | B26: Férias e Adicional de Férias | C26: 0
A27: Total | C27: =SUM(C25:C26) -> 0
A30: Submódulo 2.2 - Encargos Previdenciários (GPS), Fundo de Garantia por Tempo de Serviço (FGTS) e outras contribuições.
E31: FAP
A32: 2.2 | B32: GPS, FGTS e outras contribuições | C32: Percentual (%) | D32: Valor (R$)
A33: A | B33: INSS | C33: 0.2 | D33: 0
A34: B | B34: Salário Educação | C34: 0.025 | D34: 0
A35: C | B35: SAT | C35: =3%*E35 -> 0.03 | D35: 0 | E35: 1
A36: D | B36: SESC ou SESI | C36: 0.015 | D36: 0
A37: E | B37: SENAI - SENAC | C37: 0.01 | D37: 0
A38: F | B38: SEBRAE | C38: 0.006 | D38: 0
A39: G | B39: INCRA | C39: 0.002 | D39: 0
A40: H | B40: FGTS | C40: 0.08 | D40: 0
A41: Total | C41: =SUM(C33:C40) -> 0.368 | D41: =SUM(D33:D40) -> 0
A44: Submódulo 2.3 - Benefícios Mensais e Diários.
A46: 2.3 | B46: Benefícios Mensais e Diários | C46: Valor (R$)
A47: A | B47: Transporte | C47: 0 | D47: Tarifa/Transporte
A48: B | B48: Auxílio-Refeição/Alimentação | C48: 0 | D48: Auxílio Refeição
A49: C | B49: Benefício (Plano de Benefício Familiar) | C49: 0 | D49: PBF - Convenção
A50: D | B50: Outros (especificar) | C50: 0
A51: Total | C51: =SUM(C47:C50) -> 0
A54: Quadro-Resumo do Módulo 2 - Encargos e Benefícios anuais, mensais e diários
A56: 2 | B56: Encargos e Benefícios Anuais, Mensais e Diários | C56: Valor (R$)
A57: 2.1 | B57: 13º (décimo terceiro) Salário, Férias e Adicional de Férias | C57: =C27 -> 0
A58: 2.2 | B58: GPS, FGTS e outras contribuições | C58: =D41 -> 0
A59: 2.3 | B59: Benefícios Mensais e Diários | C59: =C51 -> 0
A60: Total | C60: =SUM(C57:C59) -> 0
A63: Módulo 3 - Provisão para Rescisão
A65: 3 | B65: Provisão para Rescisão | C65: Valor (R$)
A66: A | B66: Aviso Prévio Indenizado | C66: 0
A67: B | B67: Incidência do FGTS sobre o Aviso Prévio Indenizado | C67: 0
A68: C | B68: Multa do FGTS e contribuição social sobre o Aviso Prévio Indenizado | C68: 0
A69: D | B69: Aviso Prévio Trabalhado (APT Final de contrato 1,94 e APT Rotatividade 0,04) | C69: 0 | D69: * 1,94% apenas no primeiro ano de contrato
A70: E | B70: Incidência dos encargos do submódulo 2.2 sobre o Aviso Prévio Trabalhado "D" | C70: 0
A71: F | B71: Multa do FGTS e contribuição social sobre o Aviso Prévio Trabalhado "D" | C71: =C69*4.36% -> 0
A72: Total | C72: =SUM(C66:C71) -> 0
A75: Módulo 4 - Custo de Reposição do Profissional Ausente
A78: Submódulo 4.1 - Substituto nas Ausências Legais
B79: Base de cálculo para custo do profissional ausente (substituto): BCCPA: (Rem + 13° Sal. + Férias + 1/3) x Item Reposição. | C79: =C17+C27 -> 0
A80: 4.1 | B80: Ausências Legais | C80: Valor (R$)
A81: A | B81: Substituto na cobertura das Férias | C81: 0
A82: B | B82: Substituto na cobertura das Ausências Legais | C82: 0
A83: C | B83: Substituto na cobertura das Licença-Paternidade | C83: 0
A84: D | B84: Substituto na cobertura das Ausência por acidente de trabalho | C84: 0
A85: E | B85: Substituto na cobertura das Afastamento Maternidade | C85: 0
A86: F | B86: Substituto na cobertura das Ausências por doença | C86: 0
A87: Total | C87: =SUM(C81:C86) -> 0
A90: Submódulo 4.2 - Intrajornada
A92: 4.2 | B92: Intrajornada | C92: Valor (R$)
A93: A | B93: Intervalo para repouso e alimentação
A94: Total
A97: Quadro-Resumo do Módulo 4 - Custo de Reposição do Profissional Ausente
A99: 4 | B99: Custo de Reposição do Profissional Ausente | C99: Valor (R$)
A100: 4.1 | B100: Ausências Legais | C100: =C87 -> 0
A101: 4.2 | B101: Intrajornada
A102: Total | C102: =SUM(C100:C101) -> 0
A105: Módulo 5 - Insumos Diversos
A107: 5 | B107: Insumos Diversos | C107: Valor (R$)
A113: Total | C113: =SUM(C108:C112) -> 0
A116: Módulo 6 - Custos Indiretos, Tributos e Lucro
A118: 6 | B118: Custos Indiretos, Tributos e Lucro | C118: Percentual (%) | D118: Valor (R$)
A119: A | B119: Custos Indiretos | C119: 0 | D119: =($C$17+$C$60+$C$72+$C$102+$C$113)*C119% -> 0
A120: B | B120: Taxa de Administração | C120: 0 | D120: =($C$17+$C$60+$C$72+$C$102+$C$113+D119)*C120% -> 0
A121: C | B121: Tributos | C121: =SUM(C122:C124) -> 0
B122: C.1. Tributos Federais (PIS) | C122: 0 | D122: =$D$127*C122% -> 0
B123: C.2. Tributos Federais (COFINS) | C123: 0 | D123: =$D$127*C123% -> 0
B124: C.3. Tributos Municipais (ISSQN) | C124: 0 | D124: =$D$127*C124% -> 0
A125: Total | D125: =SUM(D119:D124) -> 0
D127: =(C136+D119+D120)/(1-C121/100) -> 0
A128: 2. QUADRO-RESUMO DO CUSTO MENSAL POR EMPREGADO
B130: Mão de obra vinculada à execução contratual (valor por empregado) | C130: Valor (R$)
A131: A | B131: Módulo 1 - Composição da Remuneração | C131: =C17 -> 0
A132: B | B132: Módulo 2 - Encargos e Benefícios Anuais, Mensais e Diários | C132: =C60 -> 0
A133: C | B133: Módulo 3 - Provisão para Rescisão | C133: =C72 -> 0
A134: D | B134: Módulo 4 - Custo de Reposição do Profissional Ausente | C134: =C102 -> 0
A135: E | B135: Módulo 5 - Insumos Diversos | C135: =C113 -> 0
A136: Subtotal (A + B +C+ D+E) | C136: =C131+C132+C133+C134+C135 -> 0
A137: F | B137: Módulo 6 – Custos Indiretos, Tributos e Lucro | C137: =D125 -> 0
A138: Valor Homem | C138: =C136+C137 -> 0
A139: Valor Hora | C139: =C138/186 -> 0

Sheet Médico Ped
A1: PLANILHA DE COMPOSIÇÃO DE CUSTOS E FORMAÇÃO DE PREÇOS
A2: MODELO
A3: MÉDICO PEDIATRA
A7: Módulo 1 - Composição da Remuneração
A9: 1 | B9: Composição da Remuneração | C9: Valor (R$)
A10: A | B10: Pró-labore | C10: 0
A11: B | B11: Adicional de Periculosidade
A12: C | B12: Adicional de Insalubridade 20%
A13: D | B13: Adicional Noturno
A14: E | B14: Adicional de Hora Noturna Reduzida
A15: F | B15: Descanso Semanal Remunerado
A16: G | B16: Outros (especificar)
A17: Total | C17: =SUM(C10:C16) -> 0
A18: * Salário- Base estimativa de mercado
A20: Módulo 2 - Encargos e Benefícios Anuais, Mensais e Diários
A22: Submódulo 2.1 - 13º (décimo terceiro) Salário, Férias e Adicional de Férias
A24: 2.1 | B24: 13º (décimo terceiro) Salário, Férias e Adicional de Férias | C24: Valor (R$)
A25: A | B25: 13º (décimo terceiro) Salário | C25: 0
A26: B | B26: Férias e Adicional de Férias | C26: 0
A27: Total | C27: =SUM(C25:C26) -> 0
A30: Submódulo 2.2 - Encargos Previdenciários (GPS), Fundo de Garantia por Tempo de Serviço (FGTS) e outras contribuições.
E31: FAP
A32: 2.2 | B32: GPS, FGTS e outras contribuições | C32: Percentual (%) | D32: Valor (R$)
A33: A | B33: INSS | C33: 0.2 | D33: 0
A34: B | B34: Salário Educação | C34: 0.025 | D34: 0
A35: C | B35: SAT | C35: =3%*E35 -> 0.03 | D35: 0 | E35: 1
A36: D | B36: SESC ou SESI | C36: 0.015 | D36: 0
A37: E | B37: SENAI - SENAC | C37: 0.01 | D37: 0
A38: F | B38: SEBRAE | C38: 0.006 | D38: 0
A39: G | B39: INCRA | C39: 0.002 | D39: 0
A40: H | B40: FGTS | C40: 0.08 | D40: 0
A41: Total | C41: =SUM(C33:C40) -> 0.368 | D41: =SUM(D33:D40) -> 0
A44: Submódulo 2.3 - Benefícios Mensais e Diários.
A46: 2.3 | B46: Benefícios Mensais e Diários | C46: Valor (R$)
A47: A | B47: Transporte | C47: 0 | D47: Tarifa/Transporte
A48: B | B48: Auxílio-Refeição/Alimentação | C48: 0 | D48: Auxílio Refeição
A49: C | B49: Benefício (Plano de Benefício Familiar) | C49: 0 | D49: PBF - Convenção
A50: D | B50: Outros (especificar) | C50: 0
A51: Total | C51: =SUM(C47:C50) -> 0
A54: Quadro-Resumo do Módulo 2 - Encargos e Benefícios anuais, mensais e diários
A56: 2 | B56: Encargos e Benefícios Anuais, Mensais e Diários | C56: Valor (R$)
A57: 2.1 | B57: 13º (décimo terceiro) Salário, Férias e Adicional de Férias | C57: =C27 -> 0
A58: 2.2 | B58: GPS, FGTS e outras contribuições | C58: =D41 -> 0
A59: 2.3 | B59: Benefícios Mensais e Diários | C59: =C51 -> 0
A60: Total | C60: =SUM(C57:C59) -> 0
A63: Módulo 3 - Provisão para Rescisão
A65: 3 | B65: Provisão para Rescisão | C65: Valor (R$)
A66: A | B66: Aviso Prévio Indenizado | C66: 0
A67: B | B67: Incidência do FGTS sobre o Aviso Prévio Indenizado | C67: 0
A68: C | B68: Multa do FGTS e contribuição social sobre o Aviso Prévio Indenizado | C68: 0
A69: D | B69: Aviso Prévio Trabalhado (APT Final de contrato 1,94 e APT Rotatividade 0,04) | C69: 0 | D69: * 1,94% apenas no primeiro ano de contrato
A70: E | B70: Incidência dos encargos do submódulo 2.2 sobre o Aviso Prévio Trabalhado "D" | C70: 0
A71: F | B71: Multa do FGTS e contribuição social sobre o Aviso Prévio Trabalhado "D" | C71: =C69*4.36% -> 0
A72: Total | C72: =SUM(C66:C71) -> 0
A75: Módulo 4 - Custo de Reposição do Profissional Ausente
A78: Submódulo 4.1 - Substituto nas Ausências Legais
B79: Base de cálculo para custo do profissional ausente (substituto): BCCPA: (Rem + 13° Sal. + Férias + 1/3) x Item Reposição. | C79: =C17+C27 -> 0
A80: 4.1 | B80: Ausências Legais | C80: Valor (R$)
A81: A | B81: Substituto na cobertura das Férias | C81: 0
A82: B | B82: Substituto na cobertura das Ausências Legais | C82: 0
A83: C | B83: Substituto na cobertura das Licença-Paternidade | C83: 0
A84: D | B84: Substituto na cobertura das Ausência por acidente de trabalho | C84: 0
A85: E | B85: Substituto na cobertura das Afastamento Maternidade | C85: 0
A86: F | B86: Substituto na cobertura das Ausências por doença | C86: 0
A87: Total | C87: =SUM(C81:C86) -> 0
A90: Submódulo 4.2 - Intrajornada
A92: 4.2 | B92: Intrajornada | C92: Valor (R$)
A93: A | B93: Intervalo para repouso e alimentação
A94: Total
A97: Quadro-Resumo do Módulo 4 - Custo de Reposição do Profissional Ausente
A99: 4 | B99: Custo de Reposição do Profissional Ausente | C99: Valor (R$)
A100: 4.1 | B100: Ausências Legais | C100: =C87 -> 0
A101: 4.2 | B101: Intrajornada
A102: Total | C102: =SUM(C100:C101) -> 0
A105: Módulo 5 - Insumos Diversos
A107: 5 | B107: Insumos Diversos | C107: Valor (R$)
A113: Total | C113: =SUM(C108:C112) -> 0
A116: Módulo 6 - Custos Indiretos, Tributos e Lucro
A118: 6 | B118: Custos Indiretos, Tributos e Lucro | C118: Percentual (%) | D118: Valor (R$)
A119: A | B119: Custos Indiretos | C119: 0 | D119: =($C$17+$C$60+$C$72+$C$102+$C$113)*C119% -> 0
A120: B | B120: Taxa de Administração | C120: 0 | D120: =($C$17+$C$60+$C$72+$C$102+$C$113+D119)*C120% -> 0
A121: C | B121: Tributos | C121: =SUM(C122:C124) -> 0
B122: C.1. Tributos Federais (PIS) | C122: 0 | D122: =$D$127*C122% -> 0
B123: C.2. Tributos Federais (COFINS) | C123: 0 | D123: =$D$127*C123% -> 0
B124: C.3. Tributos Municipais (ISSQN) | C124: 0 | D124: =$D$127*C124% -> 0
A125: Total | D125: =SUM(D119:D124) -> 0
D127: =(C136+D119+D120)/(1-C121/100) -> 0
A128: 2. QUADRO-RESUMO DO CUSTO MENSAL POR EMPREGADO
B130: Mão de obra vinculada à execução contratual (valor por empregado) | C130: Valor (R$)
A131: A | B131: Módulo 1 - Composição da Remuneração | C131: =C17 -> 0
A132: B | B132: Módulo 2 - Encargos e Benefícios Anuais, Mensais e Diários | C132: =C60 -> 0
A133: C | B133: Módulo 3 - Provisão para Rescisão | C133: =C72 -> 0
A134: D | B134: Módulo 4 - Custo de Reposição do Profissional Ausente | C134: =C102 -> 0
A135: E | B135: Módulo 5 - Insumos Diversos | C135: =C113 -> 0
A136: Subtotal (A + B +C+ D+E) | C136: =C131+C132+C133+C134+C135 -> 0
A137: F | B137: Módulo 6 – Custos Indiretos, Tributos e Lucro | C137: =D125 -> 0
A138: Valor Homem | C138: =C136+C137 -> 0
A139: Valor Hora | C139: =C138/186 -> 0

Sheet Médico Reforço
A1: PLANILHA DE COMPOSIÇÃO DE CUSTOS E FORMAÇÃO DE PREÇOS
A2: MODELO
A3: MÉDICO CLÍNICO REFORÇO
A7: Módulo 1 - Composição da Remuneração
A9: 1 | B9: Composição da Remuneração | C9: Valor (R$)
A10: A | B10: Pró-labore | C10: 0
A11: B | B11: Adicional de Periculosidade
A12: C | B12: Adicional de Insalubridade 20%
A13: D | B13: Adicional Noturno
A14: E | B14: Adicional de Hora Noturna Reduzida
A15: F | B15: Descanso Semanal Remunerado
A16: G | B16: Outros (especificar)
A17: Total | C17: =SUM(C10:C16) -> 0
A18: * Salário- Base estimativa de mercado
A20: Módulo 2 - Encargos e Benefícios Anuais, Mensais e Diários
A22: Submódulo 2.1 - 13º (décimo terceiro) Salário, Férias e Adicional de Férias
A24: 2.1 | B24: 13º (décimo terceiro) Salário, Férias e Adicional de Férias | C24: Valor (R$)
A25: A | B25: 13º (décimo terceiro) Salário | C25: 0
A26: B | B26: Férias e Adicional de Férias | C26: 0
A27: Total | C27: =SUM(C25:C26) -> 0
A30: Submódulo 2.2 - Encargos Previdenciários (GPS), Fundo de Garantia por Tempo de Serviço (FGTS) e outras contribuições.
E31: FAP
A32: 2.2 | B32: GPS, FGTS e outras contribuições | C32: Percentual (%) | D32: Valor (R$)
A33: A | B33: INSS | C33: 0.2 | D33: 0
A34: B | B34: Salário Educação | C34: 0.025 | D34: 0
A35: C | B35: SAT | C35: =3%*E35 -> 0.03 | D35: 0 | E35: 1
A36: D | B36: SESC ou SESI | C36: 0.015 | D36: 0
A37: E | B37: SENAI - SENAC | C37: 0.01 | D37: 0
A38: F | B38: SEBRAE | C38: 0.006 | D38: 0
A39: G | B39: INCRA | C39: 0.002 | D39: 0
A40: H | B40: FGTS | C40: 0.08 | D40: 0
A41: Total | C41: =SUM(C33:C40) -> 0.368 | D41: =SUM(D33:D40) -> 0
A44: Submódulo 2.3 - Benefícios Mensais e Diários.
A46: 2.3 | B46: Benefícios Mensais e Diários | C46: Valor (R$)
A47: A | B47: Transporte | C47: 0 | D47: Tarifa/Transporte
A48: B | B48: Auxílio-Refeição/Alimentação | C48: 0 | D48: Auxílio Refeição
A49: C | B49: Benefício (Plano de Benefício Familiar) | C49: 0 | D49: PBF - Convenção
A50: D | B50: Outros (especificar) | C50: 0
A51: Total | C51: =SUM(C47:C50) -> 0
A54: Quadro-Resumo do Módulo 2 - Encargos e Benefícios anuais, mensais e diários
A56: 2 | B56: Encargos e Benefícios Anuais, Mensais e Diários | C56: Valor (R$)
A57: 2.1 | B57: 13º (décimo terceiro) Salário, Férias e Adicional de Férias | C57: =C27 -> 0
A58: 2.2 | B58: GPS, FGTS e outras contribuições | C58: =D41 -> 0
A59: 2.3 | B59: Benefícios Mensais e Diários | C59: =C51 -> 0
A60: Total | C60: =SUM(C57:C59) -> 0
A63: Módulo 3 - Provisão para Rescisão
A65: 3 | B65: Provisão para Rescisão | C65: Valor (R$)
A66: A | B66: Aviso Prévio Indenizado | C66: 0
A67: B | B67: Incidência do FGTS sobre o Aviso Prévio Indenizado | C67: 0
A68: C | B68: Multa do FGTS e contribuição social sobre o Aviso Prévio Indenizado | C68: 0
A69: D | B69: Aviso Prévio Trabalhado (APT Final de contrato 1,94 e APT Rotatividade 0,04) | C69: 0 | D69: * 1,94% apenas no primeiro ano de contrato
A70: E | B70: Incidência dos encargos do submódulo 2.2 sobre o Aviso Prévio Trabalhado "D" | C70: 0
A71: F | B71: Multa do FGTS e contribuição social sobre o Aviso Prévio Trabalhado "D" | C71: =C69*4.36% -> 0
A72: Total | C72: =SUM(C66:C71) -> 0
A75: Módulo 4 - Custo de Reposição do Profissional Ausente
A78: Submódulo 4.1 - Substituto nas Ausências Legais
B79: Base de cálculo para custo do profissional ausente (substituto): BCCPA: (Rem + 13° Sal. + Férias + 1/3) x Item Reposição. | C79: =C17+C27 -> 0
A80: 4.1 | B80: Ausências Legais | C80: Valor (R$)
A81: A | B81: Substituto na cobertura das Férias | C81: 0
A82: B | B82: Substituto na cobertura das Ausências Legais | C82: 0
A83: C | B83: Substituto na cobertura das Licença-Paternidade | C83: 0
A84: D | B84: Substituto na cobertura das Ausência por acidente de trabalho | C84: 0
A85: E | B85: Substituto na cobertura das Afastamento Maternidade | C85: 0
A86: F | B86: Substituto na cobertura das Ausências por doença | C86: 0
A87: Total | C87: =SUM(C81:C86) -> 0
A90: Submódulo 4.2 - Intrajornada
A92: 4.2 | B92: Intrajornada | C92: Valor (R$)
A93: A | B93: Intervalo para repouso e alimentação
A94: Total
A97: Quadro-Resumo do Módulo 4 - Custo de Reposição do Profissional Ausente
A99: 4 | B99: Custo de Reposição do Profissional Ausente | C99: Valor (R$)
A100: 4.1 | B100: Ausências Legais | C100: =C87 -> 0
A101: 4.2 | B101: Intrajornada
A102: Total | C102: =SUM(C100:C101) -> 0
A105: Módulo 5 - Insumos Diversos
A107: 5 | B107: Insumos Diversos | C107: Valor (R$)
A113: Total | C113: =SUM(C108:C112) -> 0
A116: Módulo 6 - Custos Indiretos, Tributos e Lucro
A118: 6 | B118: Custos Indiretos, Tributos e Lucro | C118: Percentual (%) | D118: Valor (R$)
A119: A | B119: Custos Indiretos | C119: 0 | D119: =($C$17+$C$60+$C$72+$C$102+$C$113)*C119% -> 0
A120: B | B120: Taxa de Administração | C120: 0 | D120: =($C$17+$C$60+$C$72+$C$102+$C$113+D119)*C120% -> 0
A121: C | B121: Tributos | C121: =SUM(C122:C124) -> 0
B122: C.1. Tributos Federais (PIS) | C122: 0 | D122: =$D$127*C122% -> 0
B123: C.2. Tributos Federais (COFINS) | C123: 0 | D123: =$D$127*C123% -> 0
B124: C.3. Tributos Municipais (ISSQN) | C124: 0 | D124: =$D$127*C124% -> 0
A125: Total | D125: =SUM(D119:D124) -> 0
D127: =(C136+D119+D120)/(1-C121/100) -> 0
A128: 2. QUADRO-RESUMO DO CUSTO MENSAL POR EMPREGADO
B130: Mão de obra vinculada à execução contratual (valor por empregado) | C130: Valor (R$)
A131: A | B131: Módulo 1 - Composição da Remuneração | C131: =C17 -> 0
A132: B | B132: Módulo 2 - Encargos e Benefícios Anuais, Mensais e Diários | C132: =C60 -> 0
A133: C | B133: Módulo 3 - Provisão para Rescisão | C133: =C72 -> 0
A134: D | B134: Módulo 4 - Custo de Reposição do Profissional Ausente | C134: =C102 -> 0
A135: E | B135: Módulo 5 - Insumos Diversos | C135: =C113 -> 0
A136: Subtotal (A + B +C+ D+E) | C136: =C131+C132+C133+C134+C135 -> 0
A137: F | B137: Módulo 6 – Custos Indiretos, Tributos e Lucro | C137: =D125 -> 0
A138: Valor Homem | C138: =C136+C137 -> 0
A139: Valor Hora | C139: =C138/189 -> 0

Sheet Enfermeiro Dia
A1: PLANILHA DE COMPOSIÇÃO DE CUSTOS E FORMAÇÃO DE PREÇOS
A2: MODELO
A3: ENFERMEIRO
A7: Módulo 1 - Composição da Remuneração
A9: 1 | B9: Composição da Remuneração | C9: Valor (R$)
A10: A | B10: Salário-Base | C10: 0
A11: B | B11: Adicional de Periculosidade
A12: C | B12: Adicional de Insalubridade 40% | C12: =D12*0.4 -> 0 | D12: 0
A13: D | B13: Adicional Noturno
A14: E | B14: Adicional de Hora Noturna Reduzida
A15: F | B15: Descanso Semanal Remunerado
A16: G | B16: Outros (especificar)
A17: Total | C17: =SUM(C10:C16) -> 0
A18: * Salário- Base estimativa de mercado
A20: Módulo 2 - Encargos e Benefícios Anuais, Mensais e Diários
A22: Submódulo 2.1 - 13º (décimo terceiro) Salário, Férias e Adicional de Férias
A24: 2.1 | B24: 13º (décimo terceiro) Salário, Férias e Adicional de Férias | C24: Valor (R$)
A25: A | B25: 13º (décimo terceiro) Salário | C25: =C17*8.33% -> 0
A26: B | B26: Férias e Adicional de Férias | C26: =C17*11.11% -> 0
A27: Total | C27: =SUM(C25:C26) -> 0
A30: Submódulo 2.2 - Encargos Previdenciários (GPS), Fundo de Garantia por Tempo de Serviço (FGTS) e outras contribuições.
E31: FAP
A32: 2.2 | B32: GPS, FGTS e outras contribuições | C32: Percentual (%) | D32: Valor (R$)
A33: A | B33: INSS | C33: 0 | D33: =($C$17+$C$27)*C33 -> 0
A34: B | B34: Salário Educação | C34: 0 | D34: =($C$17+$C$27)*C34 -> 0
A35: C | B35: SAT | C35: 0 | D35: =($C$17+$C$27)*C35 -> 0 | E35: 1
A36: D | B36: SESC ou SESI | C36: 0 | D36: =($C$17+$C$27)*C36 -> 0
A37: E | B37: SENAI - SENAC | C37: 0 | D37: =($C$17+$C$27)*C37 -> 0
A38: F | B38: SEBRAE | C38: 0 | D38: =($C$17+$C$27)*C38 -> 0
A39: G | B39: INCRA | C39: 0 | D39: =($C$17+$C$27)*C39 -> 0
A40: H | B40: FGTS | C40: 0.08 | D40: =($C$17+$C$27)*C40 -> 0
A41: Total | C41: =SUM(C33:C40) -> 0.08 | D41: =SUM(D33:D40) -> 0
A44: Submódulo 2.3 - Benefícios Mensais e Diários.
A46: 2.3 | B46: Benefícios Mensais e Diários | C46: Valor (R$)
A47: A | B47: Transporte | C47: 0 | D47: Tarifa/Transporte | E47: 0
A48: B | B48: Auxílio-Refeição/Alimentação | C48: 0 | D48: Auxílio Refeição | E48: 0
A49: C | B49: Benefício (Plano de Benefício Familiar) | C49: 0 | D49: PBF - Convenção | E49: 0
A50: D | B50: Outros (especificar)
A51: Total | C51: =SUM(C47:C50) -> 0
A54: Quadro-Resumo do Módulo 2 - Encargos e Benefícios anuais, mensais e diários
A56: 2 | B56: Encargos e Benefícios Anuais, Mensais e Diários | C56: Valor (R$)
A57: 2.1 | B57: 13º (décimo terceiro) Salário, Férias e Adicional de Férias | C57: =C27 -> 0
A58: 2.2 | B58: GPS, FGTS e outras contribuições | C58: =D41 -> 0
A59: 2.3 | B59: Benefícios Mensais e Diários | C59: =C51 -> 0
A60: Total | C60: =SUM(C57:C59) -> 0
A63: Módulo 3 - Provisão para Rescisão
A65: 3 | B65: Provisão para Rescisão | C65: Valor (R$)
A66: A | B66: Aviso Prévio Indenizado | C66: =$C$17*0.42% -> 0
A67: B | B67: Incidência do FGTS sobre o Aviso Prévio Indenizado | C67: =$C$17*0.034% -> 0
A68: C | B68: Multa do FGTS e contribuição social sobre o Aviso Prévio Indenizado | C68: =$C$17*0.017% -> 0
A69: D | B69: Aviso Prévio Trabalhado (APT Final de contrato 1,94 e APT Rotatividade 0,04) | C69: =$C$17*1.98% -> 0 | D69: * 1,94% apenas no primeiro ano de contrato
A70: E | B70: Incidência dos encargos do submódulo 2.2 sobre o Aviso Prévio Trabalhado "D" | C70: =C69*C41 -> 0
A71: F | B71: Multa do FGTS e contribuição social sobre o Aviso Prévio Trabalhado "D" | C71: =C69*4.36% -> 0
A72: Total | C72: =SUM(C66:C71) -> 0
A75: Módulo 4 - Custo de Reposição do Profissional Ausente
A78: Submódulo 4.1 - Substituto nas Ausências Legais
B79: Base de cálculo para custo do profissional ausente (substituto): BCCPA: (Rem + 13° Sal. + Férias + 1/3) x Item Reposição. | C79: =C17+C27 -> 0
A80: 4.1 | B80: Ausências Legais | C80: Valor (R$)
A81: A | B81: Substituto na cobertura das Férias | C81: =$C$79*8.33% -> 0
A82: B | B82: Substituto na cobertura das Ausências Legais | C82: =$C$79*0.82% -> 0
A83: C | B83: Substituto na cobertura das Licença-Paternidade | C83: =$C$79*0.02% -> 0
A84: D | B84: Substituto na cobertura das Ausência por acidente de trabalho | C84: =$C$79*0.03% -> 0
A85: E | B85: Substituto na cobertura das Afastamento Maternidade | C85: =$C$79*0.07% -> 0
A86: F | B86: Substituto na cobertura das Ausências por doença | C86: =$C$79*1.39% -> 0
A87: Total | C87: =SUM(C81:C86) -> 0
A90: Submódulo 4.2 - Intrajornada
A92: 4.2 | B92: Intrajornada | C92: Valor (R$)
A93: A | B93: Intervalo para repouso e alimentação
A94: Total
A97: Quadro-Resumo do Módulo 4 - Custo de Reposição do Profissional Ausente
A99: 4 | B99: Custo de Reposição do Profissional Ausente | C99: Valor (R$)
A100: 4.1 | B100: Ausências Legais | C100: =C87 -> 0
A101: 4.2 | B101: Intrajornada
A102: Total | C102: =SUM(C100:C101) -> 0
A105: Módulo 5 - Insumos Diversos
A107: 5 | B107: Insumos Diversos | C107: Valor (R$)
A113: Total | C113: =SUM(C108:C112) -> 0
A116: Módulo 6 - Custos Indiretos, Tributos e Lucro
A118: 6 | B118: Custos Indiretos, Tributos e Lucro | C118: Percentual (%) | D118: Valor (R$)
A119: A | B119: Custos Indiretos | C119: 0 | D119: =($C$17+$C$60+$C$72+$C$102+$C$113)*C119% -> 0
A120: B | B120: Taxa de Administração | C120: 0 | D120: =($C$17+$C$60+$C$72+$C$102+$C$113+D119)*C120% -> 0
A121: C | B121: Tributos | C121: =SUM(C122:C124) -> 0
B122: C.1. Tributos Federais (PIS) | C122: 0 | D122: =$D$127*C122% -> 0
B123: C.2. Tributos Federais (COFINS) | C123: 0 | D123: =$D$127*C123% -> 0
B124: C.3. Tributos Municipais (ISSQN) | C124: 0 | D124: =$D$127*C124% -> 0
A125: Total | D125: =SUM(D119:D124) -> 0
D127: =(C136+D119+D120)/(1-C121/100) -> 0
A128: 2. QUADRO-RESUMO DO CUSTO MENSAL POR EMPREGADO
B130: Mão de obra vinculada à execução contratual (valor por empregado) | C130: Valor (R$)
A131: A | B131: Módulo 1 - Composição da Remuneração | C131: =C17 -> 0
A132: B | B132: Módulo 2 - Encargos e Benefícios Anuais, Mensais e Diários | C132: =C60 -> 0
A133: C | B133: Módulo 3 - Provisão para Rescisão | C133: =C72 -> 0
A134: D | B134: Módulo 4 - Custo de Reposição do Profissional Ausente | C134: =C102 -> 0
A135: E | B135: Módulo 5 - Insumos Diversos | C135: =C113 -> 0
A136: Subtotal (A + B +C+ D+E) | C136: =C131+C132+C133+C134+C135 -> 0
A137: F | B137: Módulo 6 – Custos Indiretos, Tributos e Lucro | C137: =D125 -> 0
A138: Valor Homem | C138: =C136+C137 -> 0
A139: Valor Hora | C139: =C138/186 -> 0

Sheet Enfermeiro Noite
A1: PLANILHA DE COMPOSIÇÃO DE CUSTOS E FORMAÇÃO DE PREÇOS
A2: MODELO
A3: ENFERMEIRO
A7: Módulo 1 - Composição da Remuneração
A9: 1 | B9: Composição da Remuneração | C9: Valor (R$)
A10: A | B10: Salário-Base | C10: 0
A11: B | B11: Adicional de Periculosidade
A12: C | B12: Adicional de Insalubridade 40% | C12: =D12*0.4 -> 0 | D12: 0
A13: D | B13: Adicional Noturno 40% | C13: 0
A14: E | B14: Adicional de Hora Noturna Reduzida | C14: 0
A15: F | B15: Descanso Semanal Remunerado | C15: =(C13+C14)/25*5 -> 0
A16: G | B16: Outros (especificar)
A17: Total | C17: =SUM(C10:C16) -> 0
A18: * Salário- Base estimativa de mercado
A20: Módulo 2 - Encargos e Benefícios Anuais, Mensais e Diários
A22: Submódulo 2.1 - 13º (décimo terceiro) Salário, Férias e Adicional de Férias
A24: 2.1 | B24: 13º (décimo terceiro) Salário, Férias e Adicional de Férias | C24: Valor (R$)
A25: A | B25: 13º (décimo terceiro) Salário | C25: =C17*8.33% -> 0
A26: B | B26: Férias e Adicional de Férias | C26: =C17*11.11% -> 0
A27: Total | C27: =SUM(C25:C26) -> 0
A30: Submódulo 2.2 - Encargos Previdenciários (GPS), Fundo de Garantia por Tempo de Serviço (FGTS) e outras contribuições.
E31: FAP
A32: 2.2 | B32: GPS, FGTS e outras contribuições | C32: Percentual (%) | D32: Valor (R$)
A33: A | B33: INSS | C33: 0 | D33: =($C$17+$C$27)*C33 -> 0
A34: B | B34: Salário Educação | C34: 0 | D34: =($C$17+$C$27)*C34 -> 0
A35: C | B35: SAT | C35: 0 | D35: =($C$17+$C$27)*C35 -> 0 | E35: 1
A36: D | B36: SESC ou SESI | C36: 0 | D36: =($C$17+$C$27)*C36 -> 0
A37: E | B37: SENAI - SENAC | C37: 0 | D37: =($C$17+$C$27)*C37 -> 0
A38: F | B38: SEBRAE | C38: 0 | D38: =($C$17+$C$27)*C38 -> 0
A39: G | B39: INCRA | C39: 0 | D39: =($C$17+$C$27)*C39 -> 0
A40: H | B40: FGTS | C40: 0.08 | D40: =($C$17+$C$27)*C40 -> 0
A41: Total | C41: =SUM(C33:C40) -> 0.08 | D41: =SUM(D33:D40) -> 0
A44: Submódulo 2.3 - Benefícios Mensais e Diários.
A46: 2.3 | B46: Benefícios Mensais e Diários | C46: Valor (R$)
A47: A | B47: Transporte | C47: 0 | D47: Tarifa/Transporte | E47: 0
A48: B | B48: Auxílio-Refeição/Alimentação | C48: 0 | D48: Auxílio Refeição | E48: 0
A49: C | B49: Benefício (Plano de Benefício Familiar) | C49: 0 | D49: PBF - Convenção | E49: 0
A50: D | B50: Outros (especificar)
A51: Total | C51: =SUM(C47:C50) -> 0
A54: Quadro-Resumo do Módulo 2 - Encargos e Benefícios anuais, mensais e diários
A56: 2 | B56: Encargos e Benefícios Anuais, Mensais e Diários | C56: Valor (R$)
A57: 2.1 | B57: 13º (décimo terceiro) Salário, Férias e Adicional de Férias | C57: =C27 -> 0
A58: 2.2 | B58: GPS, FGTS e outras contribuições | C58: =D41 -> 0
A59: 2.3 | B59: Benefícios Mensais e Diários | C59: =C51 -> 0
A60: Total | C60: =SUM(C57:C59) -> 0
A63: Módulo 3 - Provisão para Rescisão
A65: 3 | B65: Provisão para Rescisão | C65: Valor (R$)
A66: A | B66: Aviso Prévio Indenizado | C66: =$C$17*0.42% -> 0
A67: B | B67: Incidência do FGTS sobre o Aviso Prévio Indenizado | C67: =$C$17*0.034% -> 0
A68: C | B68: Multa do FGTS e contribuição social sobre o Aviso Prévio Indenizado | C68: =$C$17*0.017% -> 0
A69: D | B69: Aviso Prévio Trabalhado (APT Final de contrato 1,94 e APT Rotatividade 0,04) | C69: =$C$17*1.98% -> 0 | D69: * 1,94% apenas no primeiro ano de contrato
A70: E | B70: Incidência dos encargos do submódulo 2.2 sobre o Aviso Prévio Trabalhado "D" | C70: =C69*C41 -> 0
A71: F | B71: Multa do FGTS e contribuição social sobre o Aviso Prévio Trabalhado "D" | C71: =C69*4.36% -> 0
A72: Total | C72: =SUM(C66:C71) -> 0
A75: Módulo 4 - Custo de Reposição do Profissional Ausente
A78: Submódulo 4.1 - Substituto nas Ausências Legais
B79: Base de cálculo para custo do profissional ausente (substituto): BCCPA: (Rem + 13° Sal. + Férias + 1/3) x Item Reposição. | C79: =C17+C27 -> 0
A80: 4.1 | B80: Ausências Legais | C80: Valor (R$)
A81: A | B81: Substituto na cobertura das Férias | C81: =$C$79*8.33% -> 0
A82: B | B82: Substituto na cobertura das Ausências Legais | C82: =$C$79*0.82% -> 0
A83: C | B83: Substituto na cobertura das Licença-Paternidade | C83: =$C$79*0.02% -> 0
A84: D | B84: Substituto na cobertura das Ausência por acidente de trabalho | C84: =$C$79*0.03% -> 0
A85: E | B85: Substituto na cobertura das Afastamento Maternidade | C85: =$C$79*0.07% -> 0
A86: F | B86: Substituto na cobertura das Ausências por doença | C86: =$C$79*1.39% -> 0
A87: Total | C87: =SUM(C81:C86) -> 0
A90: Submódulo 4.2 - Intrajornada
A92: 4.2 | B92: Intrajornada | C92: Valor (R$)
A93: A | B93: Intervalo para repouso e alimentação
A94: Total
A97: Quadro-Resumo do Módulo 4 - Custo de Reposição do Profissional Ausente
A99: 4 | B99: Custo de Reposição do Profissional Ausente | C99: Valor (R$)
A100: 4.1 | B100: Ausências Legais | C100: =C87 -> 0
A101: 4.2 | B101: Intrajornada
A102: Total | C102: =SUM(C100:C101) -> 0
A105: Módulo 5 - Insumos Diversos
A107: 5 | B107: Insumos Diversos | C107: Valor (R$)
A113: Total | C113: =SUM(C108:C112) -> 0
A116: Módulo 6 - Custos Indiretos, Tributos e Lucro
A118: 6 | B118: Custos Indiretos, Tributos e Lucro | C118: Percentual (%) | D118: Valor (R$)
A119: A | B119: Custos Indiretos | C119: 0 | D119: =($C$17+$C$60+$C$72+$C$102+$C$113)*C119% -> 0
A120: B | B120: Taxa de Administração | C120: 0 | D120: =($C$17+$C$60+$C$72+$C$102+$C$113+D119)*C120% -> 0
A121: C | B121: Tributos | C121: =SUM(C122:C124) -> 0
B122: C.1. Tributos Federais (PIS) | C122: 0 | D122: =$D$127*C122% -> 0
B123: C.2. Tributos Federais (COFINS) | C123: 0 | D123: =$D$127*C123% -> 0
B124: C.3. Tributos Municipais (ISSQN) | C124: 0 | D124: =$D$127*C124% -> 0
A125: Total | D125: =SUM(D119:D124) -> 0
D127: =(C136+D119+D120)/(1-C121/100) -> 0
A128: 2. QUADRO-RESUMO DO CUSTO MENSAL POR EMPREGADO
B130: Mão de obra vinculada à execução contratual (valor por empregado) | C130: Valor (R$)
A131: A | B131: Módulo 1 - Composição da Remuneração | C131: =C17 -> 0
A132: B | B132: Módulo 2 - Encargos e Benefícios Anuais, Mensais e Diários | C132: =C60 -> 0
A133: C | B133: Módulo 3 - Provisão para Rescisão | C133: =C72 -> 0
A134: D | B134: Módulo 4 - Custo de Reposição do Profissional Ausente | C134: =C102 -> 0
A135: E | B135: Módulo 5 - Insumos Diversos | C135: =C113 -> 0
A136: Subtotal (A + B +C+ D+E) | C136: =C131+C132+C133+C134+C135 -> 0
A137: F | B137: Módulo 6 – Custos Indiretos, Tributos e Lucro | C137: =D125 -> 0
A138: Valor Homem | C138: =C136+C137 -> 0
A139: Valor Hora | C139: =C138/186 -> 0

Sheet Enfermeiro Coord
A1: PLANILHA DE COMPOSIÇÃO DE CUSTOS E FORMAÇÃO DE PREÇOS
A2: MODELO
A3: ENFERMEIRO COORDENADOR
A7: Módulo 1 - Composição da Remuneração
A9: 1 | B9: Composição da Remuneração | C9: Valor (R$)
A10: A | B10: Salário-Base | C10: 0
A11: B | B11: Adicional de Periculosidade
A12: C | B12: Adicional de Insalubridade 40% | C12: =D12*0.4 -> 0 | D12: 0
A13: D | B13: Gratificação Coordenação 50% | C13: =C10*0.5 -> 0
A14: E
A15: F
A16: G
A17: Total | C17: =SUM(C10:C16) -> 0
A18: * Salário- Base estimativa de mercado
A20: Módulo 2 - Encargos e Benefícios Anuais, Mensais e Diários
A22: Submódulo 2.1 - 13º (décimo terceiro) Salário, Férias e Adicional de Férias
A24: 2.1 | B24: 13º (décimo terceiro) Salário, Férias e Adicional de Férias | C24: Valor (R$)
A25: A | B25: 13º (décimo terceiro) Salário | C25: =C17*8.33% -> 0
A26: B | B26: Férias e Adicional de Férias | C26: =C17*11.11% -> 0
A27: Total | C27: =SUM(C25:C26) -> 0
A30: Submódulo 2.2 - Encargos Previdenciários (GPS), Fundo de Garantia por Tempo de Serviço (FGTS) e outras contribuições.
E31: FAP
A32: 2.2 | B32: GPS, FGTS e outras contribuições | C32: Percentual (%) | D32: Valor (R$)
A33: A | B33: INSS | C33: 0 | D33: =($C$17+$C$27)*C33 -> 0
A34: B | B34: Salário Educação | C34: 0 | D34: =($C$17+$C$27)*C34 -> 0
A35: C | B35: SAT | C35: 0 | D35: =($C$17+$C$27)*C35 -> 0 | E35: 1
A36: D | B36: SESC ou SESI | C36: 0 | D36: =($C$17+$C$27)*C36 -> 0
A37: E | B37: SENAI - SENAC | C37: 0 | D37: =($C$17+$C$27)*C37 -> 0
A38: F | B38: SEBRAE | C38: 0 | D38: =($C$17+$C$27)*C38 -> 0
A39: G | B39: INCRA | C39: 0 | D39: =($C$17+$C$27)*C39 -> 0
A40: H | B40: FGTS | C40: 0.08 | D40: =($C$17+$C$27)*C40 -> 0
A41: Total | C41: =SUM(C33:C40) -> 0.08 | D41: =SUM(D33:D40) -> 0
A44: Submódulo 2.3 - Benefícios Mensais e Diários.
A46: 2.3 | B46: Benefícios Mensais e Diários | C46: Valor (R$)
A47: A | B47: Transporte | C47: 0 | D47: Tarifa/Transporte | E47: 0
A48: B | B48: Auxílio-Refeição/Alimentação | C48: 0 | D48: Auxílio Refeição | E48: 0
A49: C | B49: Benefício (Plano de Benefício Familiar) | C49: 0 | D49: PBF - Convenção | E49: 0
A50: D | B50: Outros (especificar)
A51: Total | C51: =SUM(C47:C50) -> 0
A54: Quadro-Resumo do Módulo 2 - Encargos e Benefícios anuais, mensais e diários
A56: 2 | B56: Encargos e Benefícios Anuais, Mensais e Diários | C56: Valor (R$)
A57: 2.1 | B57: 13º (décimo terceiro) Salário, Férias e Adicional de Férias | C57: =C27 -> 0
A58: 2.2 | B58: GPS, FGTS e outras contribuições | C58: =D41 -> 0
A59: 2.3 | B59: Benefícios Mensais e Diários | C59: =C51 -> 0
A60: Total | C60: =SUM(C57:C59) -> 0
A63: Módulo 3 - Provisão para Rescisão
A65: 3 | B65: Provisão para Rescisão | C65: Valor (R$)
A66: A | B66: Aviso Prévio Indenizado | C66: =$C$17*0.42% -> 0
A67: B | B67: Incidência do FGTS sobre o Aviso Prévio Indenizado | C67: =$C$17*0.034% -> 0
A68: C | B68: Multa do FGTS e contribuição social sobre o Aviso Prévio Indenizado | C68: =$C$17*0.017% -> 0
A69: D | B69: Aviso Prévio Trabalhado (APT Final de contrato 1,94 e APT Rotatividade 0,04) | C69: =$C$17*1.98% -> 0 | D69: * 1,94% apenas no primeiro ano de contrato
A70: E | B70: Incidência dos encargos do submódulo 2.2 sobre o Aviso Prévio Trabalhado "D" | C70: =C69*C41 -> 0
A71: F | B71: Multa do FGTS e contribuição social sobre o Aviso Prévio Trabalhado "D" | C71: =C69*4.36% -> 0
A72: Total | C72: =SUM(C66:C71) -> 0
A75: Módulo 4 - Custo de Reposição do Profissional Ausente
A78: Submódulo 4.1 - Substituto nas Ausências Legais
B79: Base de cálculo para custo do profissional ausente (substituto): BCCPA: (Rem + 13° Sal. + Férias + 1/3) x Item Reposição. | C79: =C17+C27 -> 0
A80: 4.1 | B80: Ausências Legais | C80: Valor (R$)
A81: A | B81: Substituto na cobertura das Férias | C81: =$C$79*8.33% -> 0
A82: B | B82: Substituto na cobertura das Ausências Legais | C82: =$C$79*0.82% -> 0
A83: C | B83: Substituto na cobertura das Licença-Paternidade | C83: =$C$79*0.02% -> 0
A84: D | B84: Substituto na cobertura das Ausência por acidente de trabalho | C84: =$C$79*0.03% -> 0
A85: E | B85: Substituto na cobertura das Afastamento Maternidade | C85: =$C$79*0.07% -> 0
A86: F | B86: Substituto na cobertura das Ausências por doença | C86: =$C$79*1.39% -> 0
A87: Total | C87: =SUM(C81:C86) -> 0
A90: Submódulo 4.2 - Intrajornada
A92: 4.2 | B92: Intrajornada | C92: Valor (R$)
A93: A | B93: Intervalo para repouso e alimentação
A94: Total
A97: Quadro-Resumo do Módulo 4 - Custo de Reposição do Profissional Ausente
A99: 4 | B99: Custo de Reposição do Profissional Ausente | C99: Valor (R$)
A100: 4.1 | B100: Ausências Legais | C100: =C87 -> 0
A101: 4.2 | B101: Intrajornada
A102: Total | C102: =SUM(C100:C101) -> 0
A105: Módulo 5 - Insumos Diversos
A107: 5 | B107: Insumos Diversos | C107: Valor (R$)
A113: Total | C113: =SUM(C108:C112) -> 0
A116: Módulo 6 - Custos Indiretos, Tributos e Lucro
A118: 6 | B118: Custos Indiretos, Tributos e Lucro | C118: Percentual (%) | D118: Valor (R$)
A119: A | B119: Custos Indiretos | C119: 0 | D119: =($C$17+$C$60+$C$72+$C$102+$C$113)*C119% -> 0
A120: B | B120: Taxa de Administração | C120: 0 | D120: =($C$17+$C$60+$C$72+$C$102+$C$113+D119)*C120% -> 0
A121: C | B121: Tributos | C121: =SUM(C122:C124) -> 0
B122: C.1. Tributos Federais (PIS) | C122: 0 | D122: =$D$127*C122% -> 0
B123: C.2. Tributos Federais (COFINS) | C123: 0 | D123: =$D$127*C123% -> 0
B124: C.3. Tributos Municipais (ISSQN) | C124: 0 | D124: =$D$127*C124% -> 0
A125: Total | D125: =SUM(D119:D124) -> 0
D127: =(C136+D119+D120)/(1-C121/100) -> 0
A128: 2. QUADRO-RESUMO DO CUSTO MENSAL POR EMPREGADO
B130: Mão de obra vinculada à execução contratual (valor por empregado) | C130: Valor (R$)
A131: A | B131: Módulo 1 - Composição da Remuneração | C131: =C17 -> 0
A132: B | B132: Módulo 2 - Encargos e Benefícios Anuais, Mensais e Diários | C132: =C60 -> 0
A133: C | B133: Módulo 3 - Provisão para Rescisão | C133: =C72 -> 0
A134: D | B134: Módulo 4 - Custo de Reposição do Profissional Ausente | C134: =C102 -> 0
A135: E | B135: Módulo 5 - Insumos Diversos | C135: =C113 -> 0
A136: Subtotal (A + B +C+ D+E) | C136: =C131+C132+C133+C134+C135 -> 0
A137: F | B137: Módulo 6 – Custos Indiretos, Tributos e Lucro | C137: =D125 -> 0
A138: Valor Homem | C138: =C136+C137 -> 0
A139: Valor Hora | C139: =C138/200 -> 0

Sheet Téc. Enf. Dia
A1: PLANILHA DE COMPOSIÇÃO DE CUSTOS E FORMAÇÃO DE PREÇOS
A2: MODELO
A3: TÉCNICO DE ENFERMAGEM
A7: Módulo 1 - Composição da Remuneração
A9: 1 | B9: Composição da Remuneração | C9: Valor (R$)
A10: A | B10: Salário-Base | C10: 0
A11: B | B11: Adicional de Periculosidade
A12: C | B12: Adicional de Insalubridade 40% | C12: =D12*0.4 -> 0 | D12: 0
A13: D | B13: Adicional Noturno
A14: E | B14: Adicional de Hora Noturna Reduzida
A15: F | B15: Descanso Semanal Remunerado
A16: G | B16: Outros (especificar)
A17: Total | C17: =SUM(C10:C16) -> 0
A18: * Salário- Base estimativa de mercado
A20: Módulo 2 - Encargos e Benefícios Anuais, Mensais e Diários
A22: Submódulo 2.1 - 13º (décimo terceiro) Salário, Férias e Adicional de Férias
A24: 2.1 | B24: 13º (décimo terceiro) Salário, Férias e Adicional de Férias | C24: Valor (R$)
A25: A | B25: 13º (décimo terceiro) Salário | C25: =C17*8.33% -> 0
A26: B | B26: Férias e Adicional de Férias | C26: =C17*11.11% -> 0
A27: Total | C27: =SUM(C25:C26) -> 0
A30: Submódulo 2.2 - Encargos Previdenciários (GPS), Fundo de Garantia por Tempo de Serviço (FGTS) e outras contribuições.
E31: FAP
A32: 2.2 | B32: GPS, FGTS e outras contribuições | C32: Percentual (%) | D32: Valor (R$)
A33: A | B33: INSS | C33: 0 | D33: =($C$17+$C$27)*C33 -> 0
A34: B | B34: Salário Educação | C34: 0 | D34: =($C$17+$C$27)*C34 -> 0
A35: C | B35: SAT | C35: 0 | D35: =($C$17+$C$27)*C35 -> 0 | E35: 1
A36: D | B36: SESC ou SESI | C36: 0 | D36: =($C$17+$C$27)*C36 -> 0
A37: E | B37: SENAI - SENAC | C37: 0 | D37: =($C$17+$C$27)*C37 -> 0
A38: F | B38: SEBRAE | C38: 0 | D38: =($C$17+$C$27)*C38 -> 0
A39: G | B39: INCRA | C39: 0 | D39: =($C$17+$C$27)*C39 -> 0
A40: H | B40: FGTS | C40: 0.08 | D40: =($C$17+$C$27)*C40 -> 0
A41: Total | C41: =SUM(C33:C40) -> 0.08 | D41: =SUM(D33:D40) -> 0
A44: Submódulo 2.3 - Benefícios Mensais e Diários.
A46: 2.3 | B46: Benefícios Mensais e Diários | C46: Valor (R$)
A47: A | B47: Transporte | C47: =(E47*44)-(C10*0.06) -> 0 | D47: Tarifa/Transporte | E47: 0
A48: B | B48: Auxílio-Refeição/Alimentação | C48: 0 | D48: Auxílio Refeição | E48: 0
A49: C | B49: Benefício (Plano de Benefício Familiar) | C49: 0 | D49: PBF - Convenção | E49: 0
A50: D | B50: Outros (especificar)
A51: Total | C51: =SUM(C47:C50) -> 0
A54: Quadro-Resumo do Módulo 2 - Encargos e Benefícios anuais, mensais e diários
A56: 2 | B56: Encargos e Benefícios Anuais, Mensais e Diários | C56: Valor (R$)
A57: 2.1 | B57: 13º (décimo terceiro) Salário, Férias e Adicional de Férias | C57: =C27 -> 0
A58: 2.2 | B58: GPS, FGTS e outras contribuições | C58: =D41 -> 0
A59: 2.3 | B59: Benefícios Mensais e Diários | C59: =C51 -> 0
A60: Total | C60: =SUM(C57:C59) -> 0
A63: Módulo 3 - Provisão para Rescisão
A65: 3 | B65: Provisão para Rescisão | C65: Valor (R$)
A66: A | B66: Aviso Prévio Indenizado | C66: =$C$17*0.42% -> 0
A67: B | B67: Incidência do FGTS sobre o Aviso Prévio Indenizado | C67: =$C$17*0.034% -> 0
A68: C | B68: Multa do FGTS e contribuição social sobre o Aviso Prévio Indenizado | C68: =$C$17*0.017% -> 0
A69: D | B69: Aviso Prévio Trabalhado (APT Final de contrato 1,94 e APT Rotatividade 0,04) | C69: =$C$17*1.98% -> 0 | D69: * 1,94% apenas no primeiro ano de contrato
A70: E | B70: Incidência dos encargos do submódulo 2.2 sobre o Aviso Prévio Trabalhado "D" | C70: =C69*C41 -> 0
A71: F | B71: Multa do FGTS e contribuição social sobre o Aviso Prévio Trabalhado "D" | C71: =C69*4.36% -> 0
A72: Total | C72: =SUM(C66:C71) -> 0
A75: Módulo 4 - Custo de Reposição do Profissional Ausente
A78: Submódulo 4.1 - Substituto nas Ausências Legais
B79: Base de cálculo para custo do profissional ausente (substituto): BCCPA: (Rem + 13° Sal. + Férias + 1/3) x Item Reposição. | C79: =C17+C27 -> 0
A80: 4.1 | B80: Ausências Legais | C80: Valor (R$)
A81: A | B81: Substituto na cobertura das Férias | C81: =$C$79*8.33% -> 0
A82: B | B82: Substituto na cobertura das Ausências Legais | C82: =$C$79*0.82% -> 0
A83: C | B83: Substituto na cobertura das Licença-Paternidade | C83: =$C$79*0.02% -> 0
A84: D | B84: Substituto na cobertura das Ausência por acidente de trabalho | C84: =$C$79*0.03% -> 0
A85: E | B85: Substituto na cobertura das Afastamento Maternidade | C85: =$C$79*0.07% -> 0
A86: F | B86: Substituto na cobertura da Ausência por doença | C86: =$C$79*1.39% -> 0
A87: Total | C87: =SUM(C81:C86) -> 0
A90: Submódulo 4.2 - Intrajornada
A92: 4.2 | B92: Intrajornada | C92: Valor (R$)
A93: A | B93: Intervalo para repouso e alimentação
A94: Total
A97: Quadro-Resumo do Módulo 4 - Custo de Reposição do Profissional Ausente
A99: 4 | B99: Custo de Reposição do Profissional Ausente | C99: Valor (R$)
A100: 4.1 | B100: Ausências Legais | C100: =C87 -> 0
A101: 4.2 | B101: Intrajornada
A102: Total | C102: =SUM(C100:C101) -> 0
A105: Módulo 5 - Insumos Diversos
A107: 5 | B107: Insumos Diversos | C107: Valor (R$)
A113: Total | C113: =SUM(C108:C112) -> 0
A116: Módulo 6 - Custos Indiretos, Tributos e Lucro
A118: 6 | B118: Custos Indiretos, Tributos e Lucro | C118: Percentual (%) | D118: Valor (R$)
A119: A | B119: Custos Indiretos | C119: 0 | D119: =($C$17+$C$60+$C$72+$C$102+$C$113)*C119% -> 0
A120: B | B120: Taxa de Administração | C120: 0 | D120: =($C$17+$C$60+$C$72+$C$102+$C$113+D119)*C120% -> 0
A121: C | B121: Tributos | C121: 0
B122: C.1. Tributos Federais (PIS) | C122: 0 | D122: =$D$127*C122% -> 0
B123: C.2. Tributos Federais (COFINS) | C123: 0 | D123: =$D$127*C123% -> 0
B124: C.3. Tributos Municipais (ISSQN) | C124: 0 | D124: =$D$127*C124% -> 0
A125: Total | D125: =SUM(D119:D124) -> 0
D127: =(C136+D119+D120)/(1-C121/100) -> 0
A128: 2. QUADRO-RESUMO DO CUSTO MENSAL POR EMPREGADO
B130: Mão de obra vinculada à execução contratual (valor por empregado) | C130: Valor (R$)
A131: A | B131: Módulo 1 - Composição da Remuneração | C131: =C17 -> 0
A132: B | B132: Módulo 2 - Encargos e Benefícios Anuais, Mensais e Diários | C132: =C60 -> 0
A133: C | B133: Módulo 3 - Provisão para Rescisão | C133: =C72 -> 0
A134: D | B134: Módulo 4 - Custo de Reposição do Profissional Ausente | C134: =C102 -> 0
A135: E | B135: Módulo 5 - Insumos Diversos | C135: =C113 -> 0
A136: Subtotal (A + B +C+ D+E) | C136: =C131+C132+C133+C134+C135 -> 0
A137: F | B137: Módulo 6 – Custos Indiretos, Tributos e Lucro | C137: =D125 -> 0
A138: Valor Homem | C138: =C136+C137 -> 0
A139: Valor Hora | C139: =C138/186 -> 0

Sheet Téc Enf. Noite
A1: PLANILHA DE COMPOSIÇÃO DE CUSTOS E FORMAÇÃO DE PREÇOS
A2: MODELO
A3: TÉCNICO DE ENFERMAGEM
A7: Módulo 1 - Composição da Remuneração
A9: 1 | B9: Composição da Remuneração | C9: Valor (R$)
A10: A | B10: Salário-Base | C10: 0
A11: B | B11: Adicional de Periculosidade
A12: C | B12: Adicional de Insalubridade 40% | C12: =D12*0.4 -> 0 | D12: 0
A13: D | B13: Adicional Noturno | C13: 0
A14: E | B14: Adicional de Hora Noturna Reduzida | C14: 0
A15: F | B15: Descanso Semanal Remunerado | C15: =(C13+C14)/25*5 -> 0
A16: G | B16: Outros (especificar)
A17: Total | C17: =SUM(C10:C16) -> 0
A18: * Salário- Base estimativa de mercado
A20: Módulo 2 - Encargos e Benefícios Anuais, Mensais e Diários
A22: Submódulo 2.1 - 13º (décimo terceiro) Salário, Férias e Adicional de Férias
A24: 2.1 | B24: 13º (décimo terceiro) Salário, Férias e Adicional de Férias | C24: Valor (R$)
A25: A | B25: 13º (décimo terceiro) Salário | C25: =C17*8.33% -> 0
A26: B | B26: Férias e Adicional de Férias | C26: =C17*11.11% -> 0
A27: Total | C27: =SUM(C25:C26) -> 0
A30: Submódulo 2.2 - Encargos Previdenciários (GPS), Fundo de Garantia por Tempo de Serviço (FGTS) e outras contribuições.
E31: FAP
A32: 2.2 | B32: GPS, FGTS e outras contribuições | C32: Percentual (%) | D32: Valor (R$)
A33: A | B33: INSS | C33: 0.2 | D33: =($C$17+$C$27)*C33 -> 0
A34: B | B34: Salário Educação | C34: 0.025 | D34: =($C$17+$C$27)*C34 -> 0
A35: C | B35: SAT | C35: =3%*E35 -> 0.03 | D35: =($C$17+$C$27)*C35 -> 0 | E35: 1
A36: D | B36: SESC ou SESI | C36: 0.015 | D36: =($C$17+$C$27)*C36 -> 0
A37: E | B37: SENAI - SENAC | C37: 0.01 | D37: =($C$17+$C$27)*C37 -> 0
A38: F | B38: SEBRAE | C38: 0.006 | D38: =($C$17+$C$27)*C38 -> 0
A39: G | B39: INCRA | C39: 0.002 | D39: =($C$17+$C$27)*C39 -> 0
A40: H | B40: FGTS | C40: 0.08 | D40: =($C$17+$C$27)*C40 -> 0
A41: Total | C41: =SUM(C33:C40) -> 0.368 | D41: =SUM(D33:D40) -> 0
A44: Submódulo 2.3 - Benefícios Mensais e Diários.
A46: 2.3 | B46: Benefícios Mensais e Diários | C46: Valor (R$)
A47: A | B47: Transporte | C47: =(E47*44)-(C10*0.06) -> 0 | D47: Tarifa/Transporte | E47: 0
A48: B | B48: Auxílio-Refeição/Alimentação | C48: 0 | D48: Auxílio Refeição | E48: 0
A49: C | B49: Benefício (Plano de Benefício Familiar) | C49: 0 | D49: PBF - Convenção | E49: 0
A50: D | B50: Outros (especificar)
A51: Total | C51: =SUM(C47:C50) -> 0
A54: Quadro-Resumo do Módulo 2 - Encargos e Benefícios anuais, mensais e diários
A56: 2 | B56: Encargos e Benefícios Anuais, Mensais e Diários | C56: Valor (R$)
A57: 2.1 | B57: 13º (décimo terceiro) Salário, Férias e Adicional de Férias | C57: =C27 -> 0
A58: 2.2 | B58: GPS, FGTS e outras contribuições | C58: =D41 -> 0
A59: 2.3 | B59: Benefícios Mensais e Diários | C59: =C51 -> 0
A60: Total | C60: =SUM(C57:C59) -> 0
A63: Módulo 3 - Provisão para Rescisão
A65: 3 | B65: Provisão para Rescisão | C65: Valor (R$)
A66: A | B66: Aviso Prévio Indenizado | C66: =$C$17*0.42% -> 0
A67: B | B67: Incidência do FGTS sobre o Aviso Prévio Indenizado | C67: =$C$17*0.034% -> 0
A68: C | B68: Multa do FGTS e contribuição social sobre o Aviso Prévio Indenizado | C68: =$C$17*0.017% -> 0
A69: D | B69: Aviso Prévio Trabalhado (APT Final de contrato 1,94 e APT Rotatividade 0,04) | C69: =$C$17*1.98% -> 0 | D69: * 1,94% apenas no primeiro ano de contrato
A70: E | B70: Incidência dos encargos do submódulo 2.2 sobre o Aviso Prévio Trabalhado "D" | C70: =C69*C41 -> 0
A71: F | B71: Multa do FGTS e contribuição social sobre o Aviso Prévio Trabalhado "D" | C71: =C69*4.36% -> 0
A72: Total | C72: =SUM(C66:C71) -> 0
A75: Módulo 4 - Custo de Reposição do Profissional Ausente
A78: Submódulo 4.1 - Substituto nas Ausências Legais
B79: Base de cálculo para custo do profissional ausente (substituto): BCCPA: (Rem + 13° Sal. + Férias + 1/3) x Item Reposição. | C79: =C17+C27 -> 0
A80: 4.1 | B80: Ausências Legais | C80: Valor (R$)
A81: A | B81: Substituto na cobertura das Férias | C81: =$C$79*8.33% -> 0
A82: B | B82: Substituto na cobertura das Ausências Legais | C82: =$C$79*0.82% -> 0
A83: C | B83: Substituto na cobertura das Licença-Paternidade | C83: =$C$79*0.02% -> 0
A84: D | B84: Substituto na cobertura das Ausência por acidente de trabalho | C84: =$C$79*0.03% -> 0
A85: E | B85: Substituto na cobertura das Afastamento Maternidade | C85: =$C$79*0.07% -> 0
A86: F | B86: Substituto na cobertura da Ausência por doença | C86: =$C$79*1.39% -> 0
A87: Total | C87: =SUM(C81:C86) -> 0
A90: Submódulo 4.2 - Intrajornada
A92: 4.2 | B92: Intrajornada | C92: Valor (R$)
A93: A | B93: Intervalo para repouso e alimentação
A94: Total
A97: Quadro-Resumo do Módulo 4 - Custo de Reposição do Profissional Ausente
A99: 4 | B99: Custo de Reposição do Profissional Ausente | C99: Valor (R$)
A100: 4.1 | B100: Ausências Legais | C100: =C87 -> 0
A101: 4.2 | B101: Intrajornada
A102: Total | C102: =SUM(C100:C101) -> 0
A105: Módulo 5 - Insumos Diversos
A107: 5 | B107: Insumos Diversos | C107: Valor (R$)
A113: Total | C113: =SUM(C108:C112) -> 0
A116: Módulo 6 - Custos Indiretos, Tributos e Lucro
A118: 6 | B118: Custos Indiretos, Tributos e Lucro | C118: Percentual (%) | D118: Valor (R$)
A119: A | B119: Custos Indiretos | C119: 0 | D119: =($C$17+$C$60+$C$72+$C$102+$C$113)*C119% -> 0
A120: B | B120: Taxa de Administração | C120: 0 | D120: =($C$17+$C$60+$C$72+$C$102+$C$113+D119)*C120% -> 0
A121: C | B121: Tributos | C121: 0
B122: C.1. Tributos Federais (PIS) | C122: 0 | D122: =$D$127*C122% -> 0
B123: C.2. Tributos Federais (COFINS) | C123: 0 | D123: =$D$127*C123% -> 0
B124: C.3. Tributos Municipais (ISSQN) | C124: 0 | D124: =$D$127*C124% -> 0
A125: Total | D125: =SUM(D119:D124) -> 0
D127: =(C136+D119+D120)/(1-C121/100) -> 0
A128: 2. QUADRO-RESUMO DO CUSTO MENSAL POR EMPREGADO
B130: Mão de obra vinculada à execução contratual (valor por empregado) | C130: Valor (R$)
A131: A | B131: Módulo 1 - Composição da Remuneração | C131: =C17 -> 0
A132: B | B132: Módulo 2 - Encargos e Benefícios Anuais, Mensais e Diários | C132: =C60 -> 0
A133: C | B133: Módulo 3 - Provisão para Rescisão | C133: =C72 -> 0
A134: D | B134: Módulo 4 - Custo de Reposição do Profissional Ausente | C134: =C102 -> 0
A135: E | B135: Módulo 5 - Insumos Diversos | C135: =C113 -> 0
A136: Subtotal (A + B +C+ D+E) | C136: =C131+C132+C133+C134+C135 -> 0
A137: F | B137: Módulo 6 – Custos Indiretos, Tributos e Lucro | C137: =D125 -> 0
A138: Valor Homem | C138: =C136+C137 -> 0
A139: Valor Hora | C139: =C138/186 -> 0

Sheet Farmac Dia
A1: PLANILHA DE COMPOSIÇÃO DE CUSTOS E FORMAÇÃO DE PREÇOS
A2: MODELO
A3: FARMACEUTICO DIURNO
A7: Módulo 1 - Composição da Remuneração
A9: 1 | B9: Composição da Remuneração | C9: Valor (R$)
A10: A | B10: Salário-Base | C10: 0
A11: B | B11: Adicional de Periculosidade
A12: C | B12: Adicional de Insalubridade 40% | C12: =D12*0.4 -> 0 | D12: 0
A13: D | B13: Adicional Noturno
A14: E | B14: Adicional de Hora Noturna Reduzida
A15: F | B15: Descanso Semanal Remunerado
A16: G | B16: Outros (especificar)
A17: Total | C17: =SUM(C10:C16) -> 0
A18: * Salário- Base estimativa de mercado
A20: Módulo 2 - Encargos e Benefícios Anuais, Mensais e Diários
A22: Submódulo 2.1 - 13º (décimo terceiro) Salário, Férias e Adicional de Férias
A24: 2.1 | B24: 13º (décimo terceiro) Salário, Férias e Adicional de Férias | C24: Valor (R$)
A25: A | B25: 13º (décimo terceiro) Salário | C25: =C17*8.33% -> 0
A26: B | B26: Férias e Adicional de Férias | C26: =C17*11.11% -> 0
A27: Total | C27: =SUM(C25:C26) -> 0
A30: Submódulo 2.2 - Encargos Previdenciários (GPS), Fundo de Garantia por Tempo de Serviço (FGTS) e outras contribuições.
E31: FAP
A32: 2.2 | B32: GPS, FGTS e outras contribuições | C32: Percentual (%) | D32: Valor (R$)
A33: A | B33: INSS | C33: 0 | D33: =($C$17+$C$27)*C33 -> 0
A34: B | B34: Salário Educação | C34: 0 | D34: =($C$17+$C$27)*C34 -> 0
A35: C | B35: SAT | C35: 0 | D35: =($C$17+$C$27)*C35 -> 0 | E35: 1
A36: D | B36: SESC ou SESI | C36: 0 | D36: =($C$17+$C$27)*C36 -> 0
A37: E | B37: SENAI - SENAC | C37: 0 | D37: =($C$17+$C$27)*C37 -> 0
A38: F | B38: SEBRAE | C38: 0 | D38: =($C$17+$C$27)*C38 -> 0
A39: G | B39: INCRA | C39: 0 | D39: =($C$17+$C$27)*C39 -> 0
A40: H | B40: FGTS | C40: 0.08 | D40: =($C$17+$C$27)*C40 -> 0
A41: Total | C41: =SUM(C33:C40) -> 0.08 | D41: =SUM(D33:D40) -> 0
A44: Submódulo 2.3 - Benefícios Mensais e Diários.
A46: 2.3 | B46: Benefícios Mensais e Diários | C46: Valor (R$)
A47: A | B47: Transporte | C47: 0 | D47: Tarifa/Transporte | E47: 0
A48: B | B48: Auxílio-Refeição/Alimentação | C48: 0 | D48: Auxílio Refeição | E48: 0
A49: C | B49: Benefício (Plano de Benefício Familiar) | C49: 0 | D49: PBF - Convenção | E49: 0
A50: D | B50: Outros (especificar)
A51: Total | C51: =SUM(C47:C50) -> 0
A54: Quadro-Resumo do Módulo 2 - Encargos e Benefícios anuais, mensais e diários
A56: 2 | B56: Encargos e Benefícios Anuais, Mensais e Diários | C56: Valor (R$)
A57: 2.1 | B57: 13º (décimo terceiro) Salário, Férias e Adicional de Férias | C57: =C27 -> 0
A58: 2.2 | B58: GPS, FGTS e outras contribuições | C58: =D41 -> 0
A59: 2.3 | B59: Benefícios Mensais e Diários | C59: =C51 -> 0
A60: Total | C60: =SUM(C57:C59) -> 0
A63: Módulo 3 - Provisão para Rescisão
A65: 3 | B65: Provisão para Rescisão | C65: Valor (R$)
A66: A | B66: Aviso Prévio Indenizado | C66: =$C$17*0.42% -> 0
A67: B | B67: Incidência do FGTS sobre o Aviso Prévio Indenizado | C67: =$C$17*0.034% -> 0
A68: C | B68: Multa do FGTS e contribuição social sobre o Aviso Prévio Indenizado | C68: =$C$17*0.017% -> 0
A69: D | B69: Aviso Prévio Trabalhado (APT Final de contrato 1,94 e APT Rotatividade 0,04) | C69: =$C$17*1.98% -> 0 | D69: * 1,94% apenas no primeiro ano de contrato
A70: E | B70: Incidência dos encargos do submódulo 2.2 sobre o Aviso Prévio Trabalhado "D" | C70: =C69*C41 -> 0
A71: F | B71: Multa do FGTS e contribuição social sobre o Aviso Prévio Trabalhado "D" | C71: =C69*4.36% -> 0
A72: Total | C72: =SUM(C66:C71) -> 0
A75: Módulo 4 - Custo de Reposição do Profissional Ausente
A78: Submódulo 4.1 - Substituto nas Ausências Legais
B79: Base de cálculo para custo do profissional ausente (substituto): BCCPA: (Rem + 13° Sal. + Férias + 1/3) x Item Reposição. | C79: =C17+C27 -> 0
A80: 4.1 | B80: Ausências Legais | C80: Valor (R$)
A81: A | B81: Substituto na cobertura das Férias | C81: =$C$79*8.33% -> 0
A82: B | B82: Substituto na cobertura das Ausências Legais | C82: =$C$79*0.82% -> 0
A83: C | B83: Substituto na cobertura das Licença-Paternidade | C83: =$C$79*0.02% -> 0
A84: D | B84: Substituto na cobertura das Ausência por acidente de trabalho | C84: =$C$79*0.03% -> 0
A85: E | B85: Substituto na cobertura das Afastamento Maternidade | C85: =$C$79*0.07% -> 0
A86: F | B86: Substituto na cobertura da Ausência por doença | C86: =$C$79*1.39% -> 0
A87: Total | C87: =SUM(C81:C86) -> 0
A90: Submódulo 4.2 - Intrajornada
A92: 4.2 | B92: Intrajornada | C92: Valor (R$)
A93: A | B93: Intervalo para repouso e alimentação
A94: Total
A97: Quadro-Resumo do Módulo 4 - Custo de Reposição do Profissional Ausente
A99: 4 | B99: Custo de Reposição do Profissional Ausente | C99: Valor (R$)
A100: 4.1 | B100: Ausências Legais | C100: =C87 -> 0
A101: 4.2 | B101: Intrajornada
A102: Total | C102: =SUM(C100:C101) -> 0
A105: Módulo 5 - Insumos Diversos
A107: 5 | B107: Insumos Diversos | C107: Valor (R$)
A113: Total | C113: =SUM(C108:C112) -> 0
A116: Módulo 6 - Custos Indiretos, Tributos e Lucro
A118: 6 | B118: Custos Indiretos, Tributos e Lucro | C118: Percentual (%) | D118: Valor (R$)
A119: A | B119: Custos Indiretos | C119: 0 | D119: =($C$17+$C$60+$C$72+$C$102+$C$113)*C119% -> 0
A120: B | B120: Taxa de Administração | C120: 0 | D120: =($C$17+$C$60+$C$72+$C$102+$C$113+D119)*C120% -> 0
A121: C | B121: Tributos | C121: 0
B122: C.1. Tributos Federais (PIS) | C122: 0 | D122: =$D$127*C122% -> 0
B123: C.2. Tributos Federais (COFINS) | C123: 0 | D123: =$D$127*C123% -> 0
B124: C.3. Tributos Municipais (ISSQN) | C124: 0 | D124: =$D$127*C124% -> 0
A125: Total | D125: =SUM(D119:D124) -> 0
D127: =(C136+D119+D120)/(1-C121/100) -> 0
A128: 2. QUADRO-RESUMO DO CUSTO MENSAL POR EMPREGADO
B130: Mão de obra vinculada à execução contratual (valor por empregado) | C130: Valor (R$)
A131: A | B131: Módulo 1 - Composição da Remuneração | C131: =C17 -> 0
A132: B | B132: Módulo 2 - Encargos e Benefícios Anuais, Mensais e Diários | C132: =C60 -> 0
A133: C | B133: Módulo 3 - Provisão para Rescisão | C133: =C72 -> 0
A134: D | B134: Módulo 4 - Custo de Reposição do Profissional Ausente | C134: =C102 -> 0
A135: E | B135: Módulo 5 - Insumos Diversos | C135: =C113 -> 0
A136: Subtotal (A + B +C+ D+E) | C136: =C131+C132+C133+C134+C135 -> 0
A137: F | B137: Módulo 6 – Custos Indiretos, Tributos e Lucro | C137: =D125 -> 0
A138: Valor Homem | C138: =C136+C137 -> 0
A139: Valor Hora | C139: =C138/186 -> 0

Sheet Farmac Noite
A1: PLANILHA DE COMPOSIÇÃO DE CUSTOS E FORMAÇÃO DE PREÇOS
A2: MODELO
A3: FARMACEUTICO NOTURNO
A7: Módulo 1 - Composição da Remuneração
A9: 1 | B9: Composição da Remuneração | C9: Valor (R$)
A10: A | B10: Salário-Base | C10: 0
A11: B | B11: Periculosidade | C11: 0
A12: C | B12: Adicional de Insalubridade 40% | C12: =D12*0.4 -> 0 | D12: 0
A13: D | B13: Adicional Noturno | C13: 0
A14: E | B14: Adicional de Hora Noturna Reduzida | C14: 0
A15: F | B15: Descanso Semanal Remunerado | C15: =(C13+C14)/25*5 -> 0
A16: G | B16: Outros (especificar)
A17: Total | C17: =SUM(C10:C16) -> 0
A18: * Salário- Base estimativa de mercado
A20: Módulo 2 - Encargos e Benefícios Anuais, Mensais e Diários
A22: Submódulo 2.1 - 13º (décimo terceiro) Salário, Férias e Adicional de Férias
A24: 2.1 | B24: 13º (décimo terceiro) Salário, Férias e Adicional de Férias | C24: Valor (R$)
A25: A | B25: 13º (décimo terceiro) Salário | C25: =C17*8.33% -> 0
A26: B | B26: Férias e Adicional de Férias | C26: =C17*11.11% -> 0
A27: Total | C27: =SUM(C25:C26) -> 0
A30: Submódulo 2.2 - Encargos Previdenciários (GPS), Fundo de Garantia por Tempo de Serviço (FGTS) e outras contribuições.
E31: FAP
A32: 2.2 | B32: GPS, FGTS e outras contribuições | C32: Percentual (%) | D32: Valor (R$)
A33: A | B33: INSS | C33: 0 | D33: =($C$17+$C$27)*C33 -> 0
A34: B | B34: Salário Educação | C34: 0 | D34: =($C$17+$C$27)*C34 -> 0
A35: C | B35: SAT | C35: 0 | D35: =($C$17+$C$27)*C35 -> 0 | E35: 1
A36: D | B36: SESC ou SESI | C36: 0 | D36: =($C$17+$C$27)*C36 -> 0
A37: E | B37: SENAI - SENAC | C37: 0 | D37: =($C$17+$C$27)*C37 -> 0
A38: F | B38: SEBRAE | C38: 0 | D38: =($C$17+$C$27)*C38 -> 0
A39: G | B39: INCRA | C39: 0 | D39: =($C$17+$C$27)*C39 -> 0
A40: H | B40: FGTS | C40: 0.08 | D40: =($C$17+$C$27)*C40 -> 0
A41: Total | C41: =SUM(C33:C40) -> 0.08 | D41: =SUM(D33:D40) -> 0
A44: Submódulo 2.3 - Benefícios Mensais e Diários.
A46: 2.3 | B46: Benefícios Mensais e Diários | C46: Valor (R$)
A47: A | B47: Transporte | C47: 0 | D47: Tarifa/Transporte | E47: 0
A48: B | B48: Auxílio-Refeição/Alimentação | C48: 0 | D48: Auxílio Refeição | E48: 0
A49: C | B49: Benefício (Plano de Benefício Familiar) | C49: 0 | D49: PBF - Convenção | E49: 0
A50: D | B50: Outros (especificar)
A51: Total | C51: =SUM(C47:C50) -> 0
A54: Quadro-Resumo do Módulo 2 - Encargos e Benefícios anuais, mensais e diários
A56: 2 | B56: Encargos e Benefícios Anuais, Mensais e Diários | C56: Valor (R$)
A57: 2.1 | B57: 13º (décimo terceiro) Salário, Férias e Adicional de Férias | C57: =C27 -> 0
A58: 2.2 | B58: GPS, FGTS e outras contribuições | C58: =D41 -> 0
A59: 2.3 | B59: Benefícios Mensais e Diários | C59: =C51 -> 0
A60: Total | C60: =SUM(C57:C59) -> 0
A63: Módulo 3 - Provisão para Rescisão
A65: 3 | B65: Provisão para Rescisão | C65: Valor (R$)
A66: A | B66: Aviso Prévio Indenizado | C66: =$C$17*0.42% -> 0
A67: B | B67: Incidência do FGTS sobre o Aviso Prévio Indenizado | C67: =$C$17*0.034% -> 0
A68: C | B68: Multa do FGTS e contribuição social sobre o Aviso Prévio Indenizado | C68: =$C$17*0.017% -> 0
A69: D | B69: Aviso Prévio Trabalhado (APT Final de contrato 1,94 e APT Rotatividade 0,04) | C69: =$C$17*1.98% -> 0 | D69: * 1,94% apenas no primeiro ano de contrato
A70: E | B70: Incidência dos encargos do submódulo 2.2 sobre o Aviso Prévio Trabalhado "D" | C70: =C69*C41 -> 0
A71: F | B71: Multa do FGTS e contribuição social sobre o Aviso Prévio Trabalhado "D" | C71: =C69*4.36% -> 0
A72: Total | C72: =SUM(C66:C71) -> 0
A75: Módulo 4 - Custo de Reposição do Profissional Ausente
A78: Submódulo 4.1 - Substituto nas Ausências Legais
B79: Base de cálculo para custo do profissional ausente (substituto): BCCPA: (Rem + 13° Sal. + Férias + 1/3) x Item Reposição. | C79: =C17+C27 -> 0
A80: 4.1 | B80: Ausências Legais | C80: Valor (R$)
A81: A | B81: Substituto na cobertura das Férias | C81: =$C$79*8.33% -> 0
A82: B | B82: Substituto na cobertura das Ausências Legais | C82: =$C$79*0.82% -> 0
A83: C | B83: Substituto na cobertura das Licença-Paternidade | C83: =$C$79*0.02% -> 0
A84: D | B84: Substituto na cobertura das Ausência por acidente de trabalho | C84: =$C$79*0.03% -> 0
A85: E | B85: Substituto na cobertura das Afastamento Maternidade | C85: =$C$79*0.07% -> 0
A86: F | B86: Substituto na cobertura da Ausência por doença | C86: =$C$79*1.39% -> 0
A87: Total | C87: =SUM(C81:C86) -> 0
A90: Submódulo 4.2 - Intrajornada
A92: 4.2 | B92: Intrajornada | C92: Valor (R$)
A93: A | B93: Intervalo para repouso e alimentação
A94: Total
A97: Quadro-Resumo do Módulo 4 - Custo de Reposição do Profissional Ausente
A99: 4 | B99: Custo de Reposição do Profissional Ausente | C99: Valor (R$)
A100: 4.1 | B100: Ausências Legais | C100: =C87 -> 0
A101: 4.2 | B101: Intrajornada
A102: Total | C102: =SUM(C100:C101) -> 0
A105: Módulo 5 - Insumos Diversos
A107: 5 | B107: Insumos Diversos | C107: Valor (R$)
A113: Total | C113: =SUM(C108:C112) -> 0
A116: Módulo 6 - Custos Indiretos, Tributos e Lucro
A118: 6 | B118: Custos Indiretos, Tributos e Lucro | C118: Percentual (%) | D118: Valor (R$)
A119: A | B119: Custos Indiretos | C119: 0 | D119: =($C$17+$C$60+$C$72+$C$102+$C$113)*C119% -> 0
A120: B | B120: Taxa de Administração | C120: 0 | D120: =($C$17+$C$60+$C$72+$C$102+$C$113+D119)*C120% -> 0
A121: C | B121: Tributos | C121: 0
B122: C.1. Tributos Federais (PIS) | C122: 0 | D122: =$D$127*C122% -> 0
B123: C.2. Tributos Federais (COFINS) | C123: 0 | D123: =$D$127*C123% -> 0
B124: C.3. Tributos Municipais (ISSQN) | C124: 0 | D124: =$D$127*C124% -> 0
A125: Total | D125: =SUM(D119:D124) -> 0
D127: =(C136+D119+D120)/(1-C121/100) -> 0
A128: 2. QUADRO-RESUMO DO CUSTO MENSAL POR EMPREGADO
B130: Mão de obra vinculada à execução contratual (valor por empregado) | C130: Valor (R$)
A131: A | B131: Módulo 1 - Composição da Remuneração | C131: =C17 -> 0
A132: B | B132: Módulo 2 - Encargos e Benefícios Anuais, Mensais e Diários | C132: =C60 -> 0
A133: C | B133: Módulo 3 - Provisão para Rescisão | C133: =C72 -> 0
A134: D | B134: Módulo 4 - Custo de Reposição do Profissional Ausente | C134: =C102 -> 0
A135: E | B135: Módulo 5 - Insumos Diversos | C135: =C113 -> 0
A136: Subtotal (A + B +C+ D+E) | C136: =C131+C132+C133+C134+C135 -> 0
A137: F | B137: Módulo 6 – Custos Indiretos, Tributos e Lucro | C137: =D125 -> 0
A138: Valor Homem | C138: =C136+C137 -> 0
A139: Valor Hora | C139: =C138/186 -> 0

Sheet Limp Dia
A1: PLANILHA DE COMPOSIÇÃO DE CUSTOS E FORMAÇÃO DE PREÇOS
A2: MODELO
A3: AUXILIAR DE LIMPEZA
A7: Módulo 1 - Composição da Remuneração
A9: 1 | B9: Composição da Remuneração | C9: Valor (R$)
A10: A | B10: Salário-Base | C10: 0
A11: B | B11: Adicional de Periculosidade
A12: C | B12: Adicional de Insalubridade 40% | C12: =C10*0.4 -> 0
A13: D | B13: Adicional Noturno
A14: E | B14: Adicional de Hora Noturna Reduzida
A15: F | B15: Descanso Semanal Remunerado
A16: G | B16: Outros (especificar)
A17: Total | C17: =SUM(C10:C16) -> 0
A18: * Salário- Base SINDASSEIO
A20: Módulo 2 - Encargos e Benefícios Anuais, Mensais e Diários
A22: Submódulo 2.1 - 13º (décimo terceiro) Salário, Férias e Adicional de Férias
A24: 2.1 | B24: 13º (décimo terceiro) Salário, Férias e Adicional de Férias | C24: Valor (R$)
A25: A | B25: 13º (décimo terceiro) Salário | C25: =C17*8.33% -> 0
A26: B | B26: Férias e Adicional de Férias | C26: =C17*11.11% -> 0
A27: Total | C27: =SUM(C25:C26) -> 0
A30: Submódulo 2.2 - Encargos Previdenciários (GPS), Fundo de Garantia por Tempo de Serviço (FGTS) e outras contribuições.
E31: FAP
A32: 2.2 | B32: GPS, FGTS e outras contribuições | C32: Percentual (%) | D32: Valor (R$)
A33: A | B33: INSS | C33: 0 | D33: =($C$17+$C$27)*C33 -> 0
A34: B | B34: Salário Educação | C34: 0 | D34: =($C$17+$C$27)*C34 -> 0
A35: C | B35: SAT | C35: 0 | D35: =($C$17+$C$27)*C35 -> 0 | E35: 1
A36: D | B36: SESC ou SESI | C36: 0 | D36: =($C$17+$C$27)*C36 -> 0
A37: E | B37: SENAI - SENAC | C37: 0 | D37: =($C$17+$C$27)*C37 -> 0
A38: F | B38: SEBRAE | C38: 0 | D38: =($C$17+$C$27)*C38 -> 0
A39: G | B39: INCRA | C39: 0 | D39: =($C$17+$C$27)*C39 -> 0
A40: H | B40: FGTS | C40: 0.08 | D40: =($C$17+$C$27)*C40 -> 0
A41: Total | C41: =SUM(C33:C40) -> 0.08 | D41: =SUM(D33:D40) -> 0
A44: Submódulo 2.3 - Benefícios Mensais e Diários.
A46: 2.3 | B46: Benefícios Mensais e Diários | C46: Valor (R$)
A47: A | B47: Transporte | C47: =(E47*44)-(C10*0.06) -> 0 | D47: Tarifa/Transporte | E47: 0
A48: B | B48: Auxílio-Refeição/Alimentação | C48: =(E48*22)-((E48*22)*18%) -> 0 | D48: Auxílio Refeição | E48: 0
A49: C | B49: Benefício (Plano de Benefício Familiar) | C49: =E49 -> 0 | D49: PBF - Convenção | E49: 0
A50: D | B50: Outros (especificar)
A51: Total | C51: =SUM(C47:C50) -> 0
A54: Quadro-Resumo do Módulo 2 - Encargos e Benefícios anuais, mensais e diários
A56: 2 | B56: Encargos e Benefícios Anuais, Mensais e Diários | C56: Valor (R$)
A57: 2.1 | B57: 13º (décimo terceiro) Salário, Férias e Adicional de Férias | C57: =C27 -> 0
A58: 2.2 | B58: GPS, FGTS e outras contribuições | C58: =D41 -> 0
A59: 2.3 | B59: Benefícios Mensais e Diários | C59: =C51 -> 0
A60: Total | C60: =SUM(C57:C59) -> 0
A63: Módulo 3 - Provisão para Rescisão
A65: 3 | B65: Provisão para Rescisão | C65: Valor (R$)
A66: A | B66: Aviso Prévio Indenizado | C66: =$C$17*0.42% -> 0
A67: B | B67: Incidência do FGTS sobre o Aviso Prévio Indenizado | C67: =$C$17*0.034% -> 0
A68: C | B68: Multa do FGTS e contribuição social sobre o Aviso Prévio Indenizado | C68: =$C$17*0.017% -> 0
A69: D | B69: Aviso Prévio Trabalhado (APT Final de contrato 1,94 e APT Rotatividade 0,04) | C69: =$C$17*1.98% -> 0 | D69: * 1,94% apenas no primeiro ano de contrato
A70: E | B70: Incidência dos encargos do submódulo 2.2 sobre o Aviso Prévio Trabalhado "D" | C70: =C69*C41 -> 0
A71: F | B71: Multa do FGTS e contribuição social sobre o Aviso Prévio Trabalhado "D" | C71: =C69*4.36% -> 0
A72: Total | C72: =SUM(C66:C71) -> 0
A75: Módulo 4 - Custo de Reposição do Profissional Ausente
A78: Submódulo 4.1 - Substituto nas Ausências Legais
B79: Base de cálculo para custo do profissional ausente (substituto): BCCPA: (Rem + 13° Sal. + Férias + 1/3) x Item Reposição. | C79: =C17+C27 -> 0
A80: 4.1 | B80: Ausências Legais | C80: Valor (R$)
A81: A | B81: Substituto na cobertura das Férias | C81: =$C$79*8.33% -> 0
A82: B | B82: Substituto na cobertura das Ausências Legais | C82: =$C$79*0.82% -> 0
A83: C | B83: Substituto na cobertura das Licença-Paternidade | C83: =$C$79*0.02% -> 0
A84: D | B84: Substituto na cobertura das Ausência por acidente de trabalho | C84: =$C$79*0.03% -> 0
A85: E | B85: Substituto na cobertura das Afastamento Maternidade | C85: =$C$79*0.07% -> 0
A86: F | B86: Substituto na cobertura da Ausência por doença | C86: =$C$79*1.39% -> 0
A87: Total | C87: =SUM(C81:C86) -> 0
A90: Submódulo 4.2 - Intrajornada
A92: 4.2 | B92: Intrajornada | C92: Valor (R$)
A93: A | B93: Intervalo para repouso e alimentação
A94: Total
A97: Quadro-Resumo do Módulo 4 - Custo de Reposição do Profissional Ausente
A99: 4 | B99: Custo de Reposição do Profissional Ausente | C99: Valor (R$)
A100: 4.1 | B100: Ausências Legais | C100: =C87 -> 0
A101: 4.2 | B101: Intrajornada
A102: Total | C102: =SUM(C100:C101) -> 0
A105: Módulo 5 - Insumos Diversos
A107: 5 | B107: Insumos Diversos | C107: Valor (R$)
A113: Total | C113: =SUM(C108:C112) -> 0
A116: Módulo 6 - Custos Indiretos, Tributos e Lucro
A118: 6 | B118: Custos Indiretos, Tributos e Lucro | C118: Percentual (%) | D118: Valor (R$)
A119: A | B119: Custos Indiretos | C119: 0 | D119: =($C$17+$C$60+$C$72+$C$102+$C$113)*C119% -> 0
A120: B | B120: Taxa de Administração | C120: 0 | D120: =($C$17+$C$60+$C$72+$C$102+$C$113+D119)*C120% -> 0
A121: C | B121: Tributos | C121: 0
B122: C.1. Tributos Federais (PIS) | C122: 0 | D122: =$D$127*C122% -> 0
B123: C.2. Tributos Federais (COFINS) | C123: 0 | D123: =$D$127*C123% -> 0
B124: C.3. Tributos Municipais (ISSQN) | C124: 0 | D124: =$D$127*C124% -> 0
A125: Total | D125: =SUM(D119:D124) -> 0
D127: =(C136+D119+D120)/(1-C121/100) -> 0
A128: 2. QUADRO-RESUMO DO CUSTO MENSAL POR EMPREGADO
B130: Mão de obra vinculada à execução contratual (valor por empregado) | C130: Valor (R$)
A131: A | B131: Módulo 1 - Composição da Remuneração | C131: =C17 -> 0
A132: B | B132: Módulo 2 - Encargos e Benefícios Anuais, Mensais e Diários | C132: =C60 -> 0
A133: C | B133: Módulo 3 - Provisão para Rescisão | C133: =C72 -> 0
A134: D | B134: Módulo 4 - Custo de Reposição do Profissional Ausente | C134: =C102 -> 0
A135: E | B135: Módulo 5 - Insumos Diversos | C135: =C113 -> 0
A136: Subtotal (A + B +C+ D+E) | C136: =C131+C132+C133+C134+C135 -> 0
A137: F | B137: Módulo 6 – Custos Indiretos, Tributos e Lucro | C137: =D125 -> 0
A138: Valor Homem | C138: =C136+C137 -> 0
A139: Valor Hora | C139: =C138/186 -> 0

Sheet Limp Noite
A1: PLANILHA DE COMPOSIÇÃO DE CUSTOS E FORMAÇÃO DE PREÇOS
A2: MODELO
A3: AUXILIAR DE LIMPEZA
A7: Módulo 1 - Composição da Remuneração
A9: 1 | B9: Composição da Remuneração | C9: Valor (R$)
A10: A | B10: Salário-Base | C10: 0
A11: B | B11: Adicional de Periculosidade
A12: C | B12: Adicional de Insalubridade 40% | C12: =C10*0.4 -> 0
A13: D | B13: Adicional Noturno | C13: 0
A14: E | B14: Adicional de Hora Noturna Reduzida | C14: 0
A15: F | B15: Descanso Semanal Remunerado | C15: =(C13+C14)/25*5 -> 0
A16: G | B16: Outros (especificar)
A17: Total | C17: =SUM(C10:C16) -> 0
A18: * Salário- Base SINDASSEIO
A20: Módulo 2 - Encargos e Benefícios Anuais, Mensais e Diários
A22: Submódulo 2.1 - 13º (décimo terceiro) Salário, Férias e Adicional de Férias
A24: 2.1 | B24: 13º (décimo terceiro) Salário, Férias e Adicional de Férias | C24: Valor (R$)
A25: A | B25: 13º (décimo terceiro) Salário | C25: =C17*8.33% -> 0
A26: B | B26: Férias e Adicional de Férias | C26: =C17*11.11% -> 0
A27: Total | C27: =SUM(C25:C26) -> 0
A30: Submódulo 2.2 - Encargos Previdenciários (GPS), Fundo de Garantia por Tempo de Serviço (FGTS) e outras contribuições.
E31: FAP
A32: 2.2 | B32: GPS, FGTS e outras contribuições | C32: Percentual (%) | D32: Valor (R$)
A33: A | B33: INSS | C33: 0 | D33: =($C$17+$C$27)*C33 -> 0
A34: B | B34: Salário Educação | C34: 0 | D34: =($C$17+$C$27)*C34 -> 0
A35: C | B35: SAT | C35: 0 | D35: =($C$17+$C$27)*C35 -> 0 | E35: 1
A36: D | B36: SESC ou SESI | C36: 0 | D36: =($C$17+$C$27)*C36 -> 0
A37: E | B37: SENAI - SENAC | C37: 0 | D37: =($C$17+$C$27)*C37 -> 0
A38: F | B38: SEBRAE | C38: 0 | D38: =($C$17+$C$27)*C38 -> 0
A39: G | B39: INCRA | C39: 0 | D39: =($C$17+$C$27)*C39 -> 0
A40: H | B40: FGTS | C40: 0.08 | D40: =($C$17+$C$27)*C40 -> 0
A41: Total | C41: =SUM(C33:C40) -> 0.08 | D41: =SUM(D33:D40) -> 0
A44: Submódulo 2.3 - Benefícios Mensais e Diários.
A46: 2.3 | B46: Benefícios Mensais e Diários | C46: Valor (R$)
A47: A | B47: Transporte | C47: =(E47*44)-(C10*0.06) -> 0 | D47: Tarifa/Transporte | E47: 0
A48: B | B48: Auxílio-Refeição/Alimentação | C48: =(E48*22)-((E48*22)*18%) -> 0 | D48: Auxílio Refeição | E48: 0
A49: C | B49: Benefício (Plano de Benefício Familiar) | C49: =E49 -> 0 | D49: PBF - Convenção | E49: 0
A50: D | B50: Outros (especificar)
A51: Total | C51: =SUM(C47:C50) -> 0
A54: Quadro-Resumo do Módulo 2 - Encargos e Benefícios anuais, mensais e diários
A56: 2 | B56: Encargos e Benefícios Anuais, Mensais e Diários | C56: Valor (R$)
A57: 2.1 | B57: 13º (décimo terceiro) Salário, Férias e Adicional de Férias | C57: =C27 -> 0
A58: 2.2 | B58: GPS, FGTS e outras contribuições | C58: =D41 -> 0
A59: 2.3 | B59: Benefícios Mensais e Diários | C59: =C51 -> 0
A60: Total | C60: =SUM(C57:C59) -> 0
A63: Módulo 3 - Provisão para Rescisão
A65: 3 | B65: Provisão para Rescisão | C65: Valor (R$)
A66: A | B66: Aviso Prévio Indenizado | C66: =$C$17*0.42% -> 0
A67: B | B67: Incidência do FGTS sobre o Aviso Prévio Indenizado | C67: =$C$17*0.034% -> 0
A68: C | B68: Multa do FGTS e contribuição social sobre o Aviso Prévio Indenizado | C68: =$C$17*0.017% -> 0
A69: D | B69: Aviso Prévio Trabalhado (APT Final de contrato 1,94 e APT Rotatividade 0,04) | C69: =$C$17*1.98% -> 0 | D69: * 1,94% apenas no primeiro ano de contrato
A70: E | B70: Incidência dos encargos do submódulo 2.2 sobre o Aviso Prévio Trabalhado "D" | C70: =C69*C41 -> 0
A71: F | B71: Multa do FGTS e contribuição social sobre o Aviso Prévio Trabalhado "D" | C71: =C69*4.36% -> 0
A72: Total | C72: =SUM(C66:C71) -> 0
A75: Módulo 4 - Custo de Reposição do Profissional Ausente
A78: Submódulo 4.1 - Substituto nas Ausências Legais
B79: Base de cálculo para custo do profissional ausente (substituto): BCCPA: (Rem + 13° Sal. + Férias + 1/3) x Item Reposição. | C79: =C17+C27 -> 0
A80: 4.1 | B80: Ausências Legais | C80: Valor (R$)
A81: A | B81: Substituto na cobertura das Férias | C81: =$C$79*8.33% -> 0
A82: B | B82: Substituto na cobertura das Ausências Legais | C82: =$C$79*0.82% -> 0
A83: C | B83: Substituto na cobertura das Licença-Paternidade | C83: =$C$79*0.02% -> 0
A84: D | B84: Substituto na cobertura das Ausência por acidente de trabalho | C84: =$C$79*0.03% -> 0
A85: E | B85: Substituto na cobertura das Afastamento Maternidade | C85: =$C$79*0.07% -> 0
A86: F | B86: Substituto na cobertura da Ausência por doença | C86: =$C$79*1.39% -> 0
A87: Total | C87: =SUM(C81:C86) -> 0
A90: Submódulo 4.2 - Intrajornada
A92: 4.2 | B92: Intrajornada | C92: Valor (R$)
A93: A | B93: Intervalo para repouso e alimentação
A94: Total
A97: Quadro-Resumo do Módulo 4 - Custo de Reposição do Profissional Ausente
A99: 4 | B99: Custo de Reposição do Profissional Ausente | C99: Valor (R$)
A100: 4.1 | B100: Ausências Legais | C100: =C87 -> 0
A101: 4.2 | B101: Intrajornada
A102: Total | C102: =SUM(C100:C101) -> 0
A105: Módulo 5 - Insumos Diversos
A107: 5 | B107: Insumos Diversos | C107: Valor (R$)
A113: Total | C113: =SUM(C108:C112) -> 0
A116: Módulo 6 - Custos Indiretos, Tributos e Lucro
A118: 6 | B118: Custos Indiretos, Tributos e Lucro | C118: Percentual (%) | D118: Valor (R$)
A119: A | B119: Custos Indiretos | C119: 0 | D119: =($C$17+$C$60+$C$72+$C$102+$C$113)*C119% -> 0
A120: B | B120: Taxa de Administração | C120: 0 | D120: =($C$17+$C$60+$C$72+$C$102+$C$113+D119)*C120% -> 0
A121: C | B121: Tributos | C121: 0
B122: C.1. Tributos Federais (PIS) | C122: 0 | D122: =$D$127*C122% -> 0
B123: C.2. Tributos Federais (COFINS) | C123: 0 | D123: =$D$127*C123% -> 0
B124: C.3. Tributos Municipais (ISSQN) | C124: 0 | D124: =$D$127*C124% -> 0
A125: Total | D125: =SUM(D119:D124) -> 0
D127: =(C136+D119+D120)/(1-C121/100) -> 0
A128: 2. QUADRO-RESUMO DO CUSTO MENSAL POR EMPREGADO
B130: Mão de obra vinculada à execução contratual (valor por empregado) | C130: Valor (R$)
A131: A | B131: Módulo 1 - Composição da Remuneração | C131: =C17 -> 0
A132: B | B132: Módulo 2 - Encargos e Benefícios Anuais, Mensais e Diários | C132: =C60 -> 0
A133: C | B133: Módulo 3 - Provisão para Rescisão | C133: =C72 -> 0
A134: D | B134: Módulo 4 - Custo de Reposição do Profissional Ausente | C134: =C102 -> 0
A135: E | B135: Módulo 5 - Insumos Diversos | C135: =C113 -> 0
A136: Subtotal (A + B +C+ D+E) | C136: =C131+C132+C133+C134+C135 -> 0
A137: F | B137: Módulo 6 – Custos Indiretos, Tributos e Lucro | C137: =D125 -> 0
A138: Valor Homem | C138: =C136+C137 -> 0
A139: Valor Hora | C139: =C138/186 -> 0

Sheet Atend Dia
A1: PLANILHA DE COMPOSIÇÃO DE CUSTOS E FORMAÇÃO DE PREÇOS
A2: MODELO
A3: ATENDENTES/RECEPÇÃO
A7: Módulo 1 - Composição da Remuneração
A9: 1 | B9: Composição da Remuneração | C9: Valor (R$)
A10: A | B10: Salário-Base | C10: 0
A11: B | B11: Adicional de Periculosidade | C11: 0
A12: C | B12: Adicional de Insalubridade 40% | C12: =C10*0.4 -> 0
A13: D | B13: Adicional Noturno | C13: 0
A14: E | B14: Adicional de Hora Noturna Reduzida | C14: 0
A15: F | B15: Descanso Semanal Remunerado | C15: 0
A16: G | B16: Outros (especificar)
A17: Total | C17: =SUM(C10:C16) -> 0
A18: * Salário- Base SINDASSEIO
A20: Módulo 2 - Encargos e Benefícios Anuais, Mensais e Diários
A22: Submódulo 2.1 - 13º (décimo terceiro) Salário, Férias e Adicional de Férias
A24: 2.1 | B24: 13º (décimo terceiro) Salário, Férias e Adicional de Férias | C24: Valor (R$)
A25: A | B25: 13º (décimo terceiro) Salário | C25: =C17*8.33% -> 0
A26: B | B26: Férias e Adicional de Férias | C26: =C17*11.11% -> 0
A27: Total | C27: =SUM(C25:C26) -> 0
A30: Submódulo 2.2 - Encargos Previdenciários (GPS), Fundo de Garantia por Tempo de Serviço (FGTS) e outras contribuições.
E31: FAP
A32: 2.2 | B32: GPS, FGTS e outras contribuições | C32: Percentual (%) | D32: Valor (R$)
A33: A | B33: INSS | C33: 0 | D33: =($C$17+$C$27)*C33 -> 0
A34: B | B34: Salário Educação | C34: 0 | D34: =($C$17+$C$27)*C34 -> 0
A35: C | B35: SAT | C35: 0 | D35: =($C$17+$C$27)*C35 -> 0 | E35: 1
A36: D | B36: SESC ou SESI | C36: 0 | D36: =($C$17+$C$27)*C36 -> 0
A37: E | B37: SENAI - SENAC | C37: 0 | D37: =($C$17+$C$27)*C37 -> 0
A38: F | B38: SEBRAE | C38: 0 | D38: =($C$17+$C$27)*C38 -> 0
A39: G | B39: INCRA | C39: 0 | D39: =($C$17+$C$27)*C39 -> 0
A40: H | B40: FGTS | C40: 0.08 | D40: =($C$17+$C$27)*C40 -> 0
A41: Total | C41: =SUM(C33:C40) -> 0.08 | D41: =SUM(D33:D40) -> 0
A44: Submódulo 2.3 - Benefícios Mensais e Diários.
A46: 2.3 | B46: Benefícios Mensais e Diários | C46: Valor (R$)
A47: A | B47: Transporte | C47: =(E47*44)-(C10*0.06) -> 0 | D47: Tarifa/Transporte | E47: 0
A48: B | B48: Auxílio-Refeição/Alimentação | C48: =(E48*22)-((E48*22)*18%) -> 0 | D48: Auxílio Refeição | E48: 0
A49: C | B49: Benefício (Plano de Benefício Familiar) | C49: =E49 -> 0 | D49: PBF - Convenção | E49: 0
A50: D | B50: Outros (especificar)
A51: Total | C51: =SUM(C47:C50) -> 0
A54: Quadro-Resumo do Módulo 2 - Encargos e Benefícios anuais, mensais e diários
A56: 2 | B56: Encargos e Benefícios Anuais, Mensais e Diários | C56: Valor (R$)
A57: 2.1 | B57: 13º (décimo terceiro) Salário, Férias e Adicional de Férias | C57: =C27 -> 0
A58: 2.2 | B58: GPS, FGTS e outras contribuições | C58: =D41 -> 0
A59: 2.3 | B59: Benefícios Mensais e Diários | C59: =C51 -> 0
A60: Total | C60: =SUM(C57:C59) -> 0
A63: Módulo 3 - Provisão para Rescisão
A65: 3 | B65: Provisão para Rescisão | C65: Valor (R$)
A66: A | B66: Aviso Prévio Indenizado | C66: =$C$17*0.42% -> 0
A67: B | B67: Incidência do FGTS sobre o Aviso Prévio Indenizado | C67: =$C$17*0.034% -> 0
A68: C | B68: Multa do FGTS e contribuição social sobre o Aviso Prévio Indenizado | C68: =$C$17*0.017% -> 0
A69: D | B69: Aviso Prévio Trabalhado (APT Final de contrato 1,94 e APT Rotatividade 0,04) | C69: =$C$17*1.98% -> 0 | D69: * 1,94% apenas no primeiro ano de contrato
A70: E | B70: Incidência dos encargos do submódulo 2.2 sobre o Aviso Prévio Trabalhado "D" | C70: =C69*C41 -> 0
A71: F | B71: Multa do FGTS e contribuição social sobre o Aviso Prévio Trabalhado "D" | C71: =C69*4.36% -> 0
A72: Total | C72: =SUM(C66:C71) -> 0
A75: Módulo 4 - Custo de Reposição do Profissional Ausente
A78: Submódulo 4.1 - Substituto nas Ausências Legais
B79: Base de cálculo para custo do profissional ausente (substituto): BCCPA: (Rem + 13° Sal. + Férias + 1/3) x Item Reposição. | C79: =C17+C27 -> 0
A80: 4.1 | B80: Ausências Legais | C80: Valor (R$)
A81: A | B81: Substituto na cobertura das Férias | C81: =$C$79*8.33% -> 0
A82: B | B82: Substituto na cobertura das Ausências Legais | C82: =$C$79*0.82% -> 0
A83: C | B83: Substituto na cobertura das Licença-Paternidade | C83: =$C$79*0.02% -> 0
A84: D | B84: Substituto na cobertura das Ausência por acidente de trabalho | C84: =$C$79*0.03% -> 0
A85: E | B85: Substituto na cobertura das Afastamento Maternidade | C85: =$C$79*0.07% -> 0
A86: F | B86: Substituto na cobertura da Ausência por doença | C86: =$C$79*1.39% -> 0
A87: Total | C87: =SUM(C81:C86) -> 0
A90: Submódulo 4.2 - Intrajornada
A92: 4.2 | B92: Intrajornada | C92: Valor (R$)
A93: A | B93: Intervalo para repouso e alimentação
A94: Total
A97: Quadro-Resumo do Módulo 4 - Custo de Reposição do Profissional Ausente
A99: 4 | B99: Custo de Reposição do Profissional Ausente | C99: Valor (R$)
A100: 4.1 | B100: Ausências Legais | C100: =C87 -> 0
A101: 4.2 | B101: Intrajornada
A102: Total | C102: =SUM(C100:C101) -> 0
A105: Módulo 5 - Insumos Diversos
A107: 5 | B107: Insumos Diversos | C107: Valor (R$)
A113: Total | C113: =SUM(C108:C112) -> 0
A116: Módulo 6 - Custos Indiretos, Tributos e Lucro
A118: 6 | B118: Custos Indiretos, Tributos e Lucro | C118: Percentual (%) | D118: Valor (R$)
A119: A | B119: Custos Indiretos | C119: 0 | D119: =($C$17+$C$60+$C$72+$C$102+$C$113)*C119% -> 0
A120: B | B120: Taxa de Administração | C120: 0 | D120: =($C$17+$C$60+$C$72+$C$102+$C$113+D119)*C120% -> 0
A121: C | B121: Tributos | C121: 0
B122: C.1. Tributos Federais (PIS) | C122: 0 | D122: =$D$127*C122% -> 0
B123: C.2. Tributos Federais (COFINS) | C123: 0 | D123: =$D$127*C123% -> 0
B124: C.3. Tributos Municipais (ISSQN) | C124: 0 | D124: =$D$127*C124% -> 0
A125: Total | D125: =SUM(D119:D124) -> 0
D127: =(C136+D119+D120)/(1-C121/100) -> 0
A128: 2. QUADRO-RESUMO DO CUSTO MENSAL POR EMPREGADO
B130: Mão de obra vinculada à execução contratual (valor por empregado) | C130: Valor (R$)
A131: A | B131: Módulo 1 - Composição da Remuneração | C131: =C17 -> 0
A132: B | B132: Módulo 2 - Encargos e Benefícios Anuais, Mensais e Diários | C132: =C60 -> 0
A133: C | B133: Módulo 3 - Provisão para Rescisão | C133: =C72 -> 0
A134: D | B134: Módulo 4 - Custo de Reposição do Profissional Ausente | C134: =C102 -> 0
A135: E | B135: Módulo 5 - Insumos Diversos | C135: =C113 -> 0
A136: Subtotal (A + B +C+ D+E) | C136: =C131+C132+C133+C134+C135 -> 0
A137: F | B137: Módulo 6 – Custos Indiretos, Tributos e Lucro | C137: =D125 -> 0
A138: Valor Homem | C138: =C136+C137 -> 0
A139: Valor Hora | C139: =C138/186 -> 0

Sheet Atend Noite
A1: PLANILHA DE COMPOSIÇÃO DE CUSTOS E FORMAÇÃO DE PREÇOS
A2: MODELO
A3: ATENDENTES/RECEPÇÃO
A7: Módulo 1 - Composição da Remuneração
A9: 1 | B9: Composição da Remuneração | C9: Valor (R$)
A10: A | B10: Salário-Base | C10: 0
A11: B | B11: Adicional de Periculosidade
A12: C | B12: Adicional de Insalubridade 40% | C12: =C10*0.4 -> 0
A13: D | B13: Adicional Noturno | C13: 0
A14: E | B14: Adicional de Hora Noturna Reduzida | C14: 0
A15: F | B15: Descanso Semanal Remunerado | C15: =(C12+C13)/25*5 -> 0
A16: G | B16: Outros (especificar)
A17: Total | C17: =SUM(C10:C16) -> 0
A18: * Salário- Base SINDASSEIO
A20: Módulo 2 - Encargos e Benefícios Anuais, Mensais e Diários
A22: Submódulo 2.1 - 13º (décimo terceiro) Salário, Férias e Adicional de Férias
A24: 2.1 | B24: 13º (décimo terceiro) Salário, Férias e Adicional de Férias | C24: Valor (R$)
A25: A | B25: 13º (décimo terceiro) Salário | C25: =C17*8.33% -> 0
A26: B | B26: Férias e Adicional de Férias | C26: =C17*11.11% -> 0
A27: Total | C27: =SUM(C25:C26) -> 0
A30: Submódulo 2.2 - Encargos Previdenciários (GPS), Fundo de Garantia por Tempo de Serviço (FGTS) e outras contribuições.
E31: FAP
A32: 2.2 | B32: GPS, FGTS e outras contribuições | C32: Percentual (%) | D32: Valor (R$)
A33: A | B33: INSS | C33: 0 | D33: =($C$17+$C$27)*C33 -> 0
A34: B | B34: Salário Educação | C34: 0 | D34: =($C$17+$C$27)*C34 -> 0
A35: C | B35: SAT | C35: 0 | D35: =($C$17+$C$27)*C35 -> 0 | E35: 1
A36: D | B36: SESC ou SESI | C36: 0 | D36: =($C$17+$C$27)*C36 -> 0
A37: E | B37: SENAI - SENAC | C37: 0 | D37: =($C$17+$C$27)*C37 -> 0
A38: F | B38: SEBRAE | C38: 0 | D38: =($C$17+$C$27)*C38 -> 0
A39: G | B39: INCRA | C39: 0 | D39: =($C$17+$C$27)*C39 -> 0
A40: H | B40: FGTS | C40: 0.08 | D40: =($C$17+$C$27)*C40 -> 0
A41: Total | C41: =SUM(C33:C40) -> 0.08 | D41: =SUM(D33:D40) -> 0
A44: Submódulo 2.3 - Benefícios Mensais e Diários.
A46: 2.3 | B46: Benefícios Mensais e Diários | C46: Valor (R$)
A47: A | B47: Transporte | C47: =(E47*44)-(C10*0.06) -> 0 | D47: Tarifa/Transporte | E47: 0
A48: B | B48: Auxílio-Refeição/Alimentação | C48: =(E48*22)-((E48*22)*18%) -> 0 | D48: Auxílio Refeição | E48: 0
A49: C | B49: Benefício (Plano de Benefício Familiar) | C49: =E49 -> 0 | D49: PBF - Convenção | E49: 0
A50: D | B50: Outros (especificar)
A51: Total | C51: =SUM(C47:C50) -> 0
A54: Quadro-Resumo do Módulo 2 - Encargos e Benefícios anuais, mensais e diários
A56: 2 | B56: Encargos e Benefícios Anuais, Mensais e Diários | C56: Valor (R$)
A57: 2.1 | B57: 13º (décimo terceiro) Salário, Férias e Adicional de Férias | C57: =C27 -> 0
A58: 2.2 | B58: GPS, FGTS e outras contribuições | C58: =D41 -> 0
A59: 2.3 | B59: Benefícios Mensais e Diários | C59: =C51 -> 0
A60: Total | C60: =SUM(C57:C59) -> 0
A63: Módulo 3 - Provisão para Rescisão
A65: 3 | B65: Provisão para Rescisão | C65: Valor (R$)
A66: A | B66: Aviso Prévio Indenizado | C66: =$C$17*0.42% -> 0
A67: B | B67: Incidência do FGTS sobre o Aviso Prévio Indenizado | C67: =$C$17*0.034% -> 0
A68: C | B68: Multa do FGTS e contribuição social sobre o Aviso Prévio Indenizado | C68: =$C$17*0.017% -> 0
A69: D | B69: Aviso Prévio Trabalhado (APT Final de contrato 1,94 e APT Rotatividade 0,04) | C69: =$C$17*1.98% -> 0 | D69: * 1,94% apenas no primeiro ano de contrato
A70: E | B70: Incidência dos encargos do submódulo 2.2 sobre o Aviso Prévio Trabalhado "D" | C70: =C69*C41 -> 0
A71: F | B71: Multa do FGTS e contribuição social sobre o Aviso Prévio Trabalhado "D" | C71: =C69*4.36% -> 0
A72: Total | C72: =SUM(C66:C71) -> 0
A75: Módulo 4 - Custo de Reposição do Profissional Ausente
A78: Submódulo 4.1 - Substituto nas Ausências Legais
B79: Base de cálculo para custo do profissional ausente (substituto): BCCPA: (Rem + 13° Sal. + Férias + 1/3) x Item Reposição. | C79: =C17+C27 -> 0
A80: 4.1 | B80: Ausências Legais | C80: Valor (R$)
A81: A | B81: Substituto na cobertura das Férias | C81: =$C$79*8.33% -> 0
A82: B | B82: Substituto na cobertura das Ausências Legais | C82: =$C$79*0.82% -> 0
A83: C | B83: Substituto na cobertura das Licença-Paternidade | C83: =$C$79*0.02% -> 0
A84: D | B84: Substituto na cobertura das Ausência por acidente de trabalho | C84: =$C$79*0.03% -> 0
A85: E | B85: Substituto na cobertura das Afastamento Maternidade | C85: =$C$79*0.07% -> 0
A86: F | B86: Substituto na cobertura da Ausência por doença | C86: =$C$79*1.39% -> 0
A87: Total | C87: =SUM(C81:C86) -> 0
A90: Submódulo 4.2 - Intrajornada
A92: 4.2 | B92: Intrajornada | C92: Valor (R$)
A93: A | B93: Intervalo para repouso e alimentação
A94: Total
A97: Quadro-Resumo do Módulo 4 - Custo de Reposição do Profissional Ausente
A99: 4 | B99: Custo de Reposição do Profissional Ausente | C99: Valor (R$)
A100: 4.1 | B100: Ausências Legais | C100: =C87 -> 0
A101: 4.2 | B101: Intrajornada
A102: Total | C102: =SUM(C100:C101) -> 0
A105: Módulo 5 - Insumos Diversos
A107: 5 | B107: Insumos Diversos | C107: Valor (R$)
A113: Total | C113: =SUM(C108:C112) -> 0
A116: Módulo 6 - Custos Indiretos, Tributos e Lucro
A118: 6 | B118: Custos Indiretos, Tributos e Lucro | C118: Percentual (%) | D118: Valor (R$)
A119: A | B119: Custos Indiretos | C119: 0 | D119: =($C$17+$C$60+$C$72+$C$102+$C$113)*C119% -> 0
A120: B | B120: Taxa de Administração | C120: 0 | D120: =($C$17+$C$60+$C$72+$C$102+$C$113+D119)*C120% -> 0
A121: C | B121: Tributos | C121: 0
B122: C.1. Tributos Federais (PIS) | C122: 0 | D122: =$D$127*C122% -> 0
B123: C.2. Tributos Federais (COFINS) | C123: 0 | D123: =$D$127*C123% -> 0
B124: C.3. Tributos Municipais (ISSQN) | C124: 0 | D124: =$D$127*C124% -> 0
A125: Total | D125: =SUM(D119:D124) -> 0
D127: =(C136+D119+D120)/(1-C121/100) -> 0
A128: 2. QUADRO-RESUMO DO CUSTO MENSAL POR EMPREGADO
B130: Mão de obra vinculada à execução contratual (valor por empregado) | C130: Valor (R$)
A131: A | B131: Módulo 1 - Composição da Remuneração | C131: =C17 -> 0
A132: B | B132: Módulo 2 - Encargos e Benefícios Anuais, Mensais e Diários | C132: =C60 -> 0
A133: C | B133: Módulo 3 - Provisão para Rescisão | C133: =C72 -> 0
A134: D | B134: Módulo 4 - Custo de Reposição do Profissional Ausente | C134: =C102 -> 0
A135: E | B135: Módulo 5 - Insumos Diversos | C135: =C113 -> 0
A136: Subtotal (A + B +C+ D+E) | C136: =C131+C132+C133+C134+C135 -> 0
A137: F | B137: Módulo 6 – Custos Indiretos, Tributos e Lucro | C137: =D125 -> 0
A138: Valor Homem | C138: =C136+C137 -> 0
A139: Valor Hora | C139: =C138/186 -> 0

Sheet Seg Dia
A1: PLANILHA DE COMPOSIÇÃO DE CUSTOS E FORMAÇÃO DE PREÇOS
A2: MODELO
A3: SEGURANÇA DIURNO
A7: Módulo 1 - Composição da Remuneração
A9: 1 | B9: Composição da Remuneração | C9: Valor (R$)
A10: A | B10: Salário-Base | C10: 0
A11: B | B11: Adicional de Periculosidade
A12: C | B12: Adicional de Insalubridade 40% | C12: =C10*0.4 -> 0
A13: D | B13: Adicional Noturno
A14: E | B14: Adicional de Hora Noturna Reduzida
A15: F | B15: Descanso Semanal Remunerado
A16: G | B16: Outros (especificar)
A17: Total | C17: =SUM(C10:C16) -> 0
A18: * Salário- Base SINDASSEIO
A20: Módulo 2 - Encargos e Benefícios Anuais, Mensais e Diários
A22: Submódulo 2.1 - 13º (décimo terceiro) Salário, Férias e Adicional de Férias
A24: 2.1 | B24: 13º (décimo terceiro) Salário, Férias e Adicional de Férias | C24: Valor (R$)
A25: A | B25: 13º (décimo terceiro) Salário | C25: =C17*8.33% -> 0
A26: B | B26: Férias e Adicional de Férias | C26: =C17*11.11% -> 0
A27: Total | C27: =SUM(C25:C26) -> 0
A30: Submódulo 2.2 - Encargos Previdenciários (GPS), Fundo de Garantia por Tempo de Serviço (FGTS) e outras contribuições.
E31: FAP
A32: 2.2 | B32: GPS, FGTS e outras contribuições | C32: Percentual (%) | D32: Valor (R$)
A33: A | B33: INSS | C33: 0 | D33: =($C$17+$C$27)*C33 -> 0
A34: B | B34: Salário Educação | C34: 0 | D34: =($C$17+$C$27)*C34 -> 0
A35: C | B35: SAT | C35: 0 | D35: =($C$17+$C$27)*C35 -> 0 | E35: 1
A36: D | B36: SESC ou SESI | C36: 0 | D36: =($C$17+$C$27)*C36 -> 0
A37: E | B37: SENAI - SENAC | C37: 0 | D37: =($C$17+$C$27)*C37 -> 0
A38: F | B38: SEBRAE | C38: 0 | D38: =($C$17+$C$27)*C38 -> 0
A39: G | B39: INCRA | C39: 0 | D39: =($C$17+$C$27)*C39 -> 0
A40: H | B40: FGTS | C40: 0.08 | D40: =($C$17+$C$27)*C40 -> 0
A41: Total | C41: =SUM(C33:C40) -> 0.08 | D41: =SUM(D33:D40) -> 0
A44: Submódulo 2.3 - Benefícios Mensais e Diários.
A46: 2.3 | B46: Benefícios Mensais e Diários | C46: Valor (R$)
A47: A | B47: Transporte | C47: =(E47*44)-(C10*0.06) -> 0 | D47: Tarifa/Transporte | E47: 0
A48: B | B48: Auxílio-Refeição/Alimentação | C48: =(E48*22)-((E48*22)*18%) -> 0 | D48: Auxílio Refeição | E48: 0
A49: C | B49: Benefício (Plano de Benefício Familiar) | C49: =E49 -> 0 | D49: PBF - Convenção | E49: 0
A50: D | B50: Outros (especificar)
A51: Total | C51: =SUM(C47:C50) -> 0
A54: Quadro-Resumo do Módulo 2 - Encargos e Benefícios anuais, mensais e diários
A56: 2 | B56: Encargos e Benefícios Anuais, Mensais e Diários | C56: Valor (R$)
A57: 2.1 | B57: 13º (décimo terceiro) Salário, Férias e Adicional de Férias | C57: =C27 -> 0
A58: 2.2 | B58: GPS, FGTS e outras contribuições | C58: =D41 -> 0
A59: 2.3 | B59: Benefícios Mensais e Diários | C59: =C51 -> 0
A60: Total | C60: =SUM(C57:C59) -> 0
A63: Módulo 3 - Provisão para Rescisão
A65: 3 | B65: Provisão para Rescisão | C65: Valor (R$)
A66: A | B66: Aviso Prévio Indenizado | C66: =$C$17*0.42% -> 0
A67: B | B67: Incidência do FGTS sobre o Aviso Prévio Indenizado | C67: =$C$17*0.034% -> 0
A68: C | B68: Multa do FGTS e contribuição social sobre o Aviso Prévio Indenizado | C68: =$C$17*0.017% -> 0
A69: D | B69: Aviso Prévio Trabalhado (APT Final de contrato 1,94 e APT Rotatividade 0,04) | C69: =$C$17*1.98% -> 0 | D69: * 1,94% apenas no primeiro ano de contrato
A70: E | B70: Incidência dos encargos do submódulo 2.2 sobre o Aviso Prévio Trabalhado "D" | C70: =C69*C41 -> 0
A71: F | B71: Multa do FGTS e contribuição social sobre o Aviso Prévio Trabalhado "D" | C71: =C69*4.36% -> 0
A72: Total | C72: =SUM(C66:C71) -> 0
A75: Módulo 4 - Custo de Reposição do Profissional Ausente
A78: Submódulo 4.1 - Substituto nas Ausências Legais
B79: Base de cálculo para custo do profissional ausente (substituto): BCCPA: (Rem + 13° Sal. + Férias + 1/3) x Item Reposição. | C79: =C17+C27 -> 0
A80: 4.1 | B80: Ausências Legais | C80: Valor (R$)
A81: A | B81: Substituto na cobertura das Férias | C81: =$C$79*8.33% -> 0
A82: B | B82: Substituto na cobertura das Ausências Legais | C82: =$C$79*0.82% -> 0
A83: C | B83: Substituto na cobertura das Licença-Paternidade | C83: =$C$79*0.02% -> 0
A84: D | B84: Substituto na cobertura das Ausência por acidente de trabalho | C84: =$C$79*0.03% -> 0
A85: E | B85: Substituto na cobertura das Afastamento Maternidade | C85: =$C$79*0.07% -> 0
A86: F | B86: Substituto na cobertura da Ausência por doença | C86: =$C$79*1.39% -> 0
A87: Total | C87: =SUM(C81:C86) -> 0
A90: Submódulo 4.2 - Intrajornada
A92: 4.2 | B92: Intrajornada | C92: Valor (R$)
A93: A | B93: Intervalo para repouso e alimentação
A94: Total
A97: Quadro-Resumo do Módulo 4 - Custo de Reposição do Profissional Ausente
A99: 4 | B99: Custo de Reposição do Profissional Ausente | C99: Valor (R$)
A100: 4.1 | B100: Ausências Legais | C100: =C87 -> 0
A101: 4.2 | B101: Intrajornada
A102: Total | C102: =SUM(C100:C101) -> 0
A105: Módulo 5 - Insumos Diversos
A107: 5 | B107: Insumos Diversos | C107: Valor (R$)
A113: Total | C113: =SUM(C108:C112) -> 0
A116: Módulo 6 - Custos Indiretos, Tributos e Lucro
A118: 6 | B118: Custos Indiretos, Tributos e Lucro | C118: Percentual (%) | D118: Valor (R$)
A119: A | B119: Custos Indiretos | C119: 0 | D119: =($C$17+$C$60+$C$72+$C$102+$C$113)*C119% -> 0
A120: B | B120: Taxa de Administração | C120: 0 | D120: =($C$17+$C$60+$C$72+$C$102+$C$113+D119)*C120% -> 0
A121: C | B121: Tributos | C121: 0
B122: C.1. Tributos Federais (PIS) | C122: 0 | D122: =$D$127*C122% -> 0
B123: C.2. Tributos Federais (COFINS) | C123: 0 | D123: =$D$127*C123% -> 0
B124: C.3. Tributos Municipais (ISSQN) | C124: 0 | D124: =$D$127*C124% -> 0
A125: Total | D125: =SUM(D119:D124) -> 0
D127: =(C136+D119+D120)/(1-C121/100) -> 0
A128: 2. QUADRO-RESUMO DO CUSTO MENSAL POR EMPREGADO
B130: Mão de obra vinculada à execução contratual (valor por empregado) | C130: Valor (R$)
A131: A | B131: Módulo 1 - Composição da Remuneração | C131: =C17 -> 0
A132: B | B132: Módulo 2 - Encargos e Benefícios Anuais, Mensais e Diários | C132: =C60 -> 0
A133: C | B133: Módulo 3 - Provisão para Rescisão | C133: =C72 -> 0
A134: D | B134: Módulo 4 - Custo de Reposição do Profissional Ausente | C134: =C102 -> 0
A135: E | B135: Módulo 5 - Insumos Diversos | C135: =C113 -> 0
A136: Subtotal (A + B +C+ D+E) | C136: =C131+C132+C133+C134+C135 -> 0
A137: F | B137: Módulo 6 – Custos Indiretos, Tributos e Lucro | C137: =D125 -> 0
A138: Valor Homem | C138: =C136+C137 -> 0
A139: Valor Hora | C139: =C138/186 -> 0

Sheet Seg Noite
A1: PLANILHA DE COMPOSIÇÃO DE CUSTOS E FORMAÇÃO DE PREÇOS
A2: MODELO
A3: SEGURANÇA NOTURNO
A7: Módulo 1 - Composição da Remuneração
A9: 1 | B9: Composição da Remuneração | C9: Valor (R$)
A10: A | B10: Salário-Base | C10: 0
A11: B | B11: Adicional de Periculosidade
A12: C | B12: Adicional de Insalubridade 40% | C12: =C10*0.4 -> 0
A13: D | B13: Adicional Noturno | C13: 0
A14: E | B14: Adicional de Hora Noturna Reduzida | C14: 0
A15: F | B15: Descanso Semanal Remunerado | C15: =(C13+C14)/25*5 -> 0
A16: G | B16: Outros (especificar)
A17: Total | C17: =SUM(C10:C16) -> 0
A18: * Salário- Base SINDASSEIO
A20: Módulo 2 - Encargos e Benefícios Anuais, Mensais e Diários
A22: Submódulo 2.1 - 13º (décimo terceiro) Salário, Férias e Adicional de Férias
A24: 2.1 | B24: 13º (décimo terceiro) Salário, Férias e Adicional de Férias | C24: Valor (R$)
A25: A | B25: 13º (décimo terceiro) Salário | C25: =C17*8.33% -> 0
A26: B | B26: Férias e Adicional de Férias | C26: =C17*11.11% -> 0
A27: Total | C27: =SUM(C25:C26) -> 0
A30: Submódulo 2.2 - Encargos Previdenciários (GPS), Fundo de Garantia por Tempo de Serviço (FGTS) e outras contribuições.
E31: FAP
A32: 2.2 | B32: GPS, FGTS e outras contribuições | C32: Percentual (%) | D32: Valor (R$)
A33: A | B33: INSS | C33: 0 | D33: =($C$17+$C$27)*C33 -> 0
A34: B | B34: Salário Educação | C34: 0 | D34: =($C$17+$C$27)*C34 -> 0
A35: C | B35: SAT | C35: 0 | D35: =($C$17+$C$27)*C35 -> 0 | E35: 1
A36: D | B36: SESC ou SESI | C36: 0 | D36: =($C$17+$C$27)*C36 -> 0
A37: E | B37: SENAI - SENAC | C37: 0 | D37: =($C$17+$C$27)*C37 -> 0
A38: F | B38: SEBRAE | C38: 0 | D38: =($C$17+$C$27)*C38 -> 0
A39: G | B39: INCRA | C39: 0 | D39: =($C$17+$C$27)*C39 -> 0
A40: H | B40: FGTS | C40: 0.08 | D40: =($C$17+$C$27)*C40 -> 0
A41: Total | C41: =SUM(C33:C40) -> 0.08 | D41: =SUM(D33:D40) -> 0
A44: Submódulo 2.3 - Benefícios Mensais e Diários.
A46: 2.3 | B46: Benefícios Mensais e Diários | C46: Valor (R$)
A47: A | B47: Transporte | C47: =(E47*44)-(C10*0.06) -> 0 | D47: Tarifa/Transporte | E47: 0
A48: B | B48: Auxílio-Refeição/Alimentação | C48: =(E48*22)-((E48*22)*18%) -> 0 | D48: Auxílio Refeição | E48: 0
A49: C | B49: Benefício (Plano de Benefício Familiar) | C49: =E49 -> 0 | D49: PBF - Convenção | E49: 0
A50: D | B50: Outros (especificar)
A51: Total | C51: =SUM(C47:C50) -> 0
A54: Quadro-Resumo do Módulo 2 - Encargos e Benefícios anuais, mensais e diários
A56: 2 | B56: Encargos e Benefícios Anuais, Mensais e Diários | C56: Valor (R$)
A57: 2.1 | B57: 13º (décimo terceiro) Salário, Férias e Adicional de Férias | C57: =C27 -> 0
A58: 2.2 | B58: GPS, FGTS e outras contribuições | C58: =D41 -> 0
A59: 2.3 | B59: Benefícios Mensais e Diários | C59: =C51 -> 0
A60: Total | C60: =SUM(C57:C59) -> 0
A63: Módulo 3 - Provisão para Rescisão
A65: 3 | B65: Provisão para Rescisão | C65: Valor (R$)
A66: A | B66: Aviso Prévio Indenizado | C66: =$C$17*0.42% -> 0
A67: B | B67: Incidência do FGTS sobre o Aviso Prévio Indenizado | C67: =$C$17*0.034% -> 0
A68: C | B68: Multa do FGTS e contribuição social sobre o Aviso Prévio Indenizado | C68: =$C$17*0.017% -> 0
A69: D | B69: Aviso Prévio Trabalhado (APT Final de contrato 1,94 e APT Rotatividade 0,04) | C69: =$C$17*1.98% -> 0 | D69: * 1,94% apenas no primeiro ano de contrato
A70: E | B70: Incidência dos encargos do submódulo 2.2 sobre o Aviso Prévio Trabalhado "D" | C70: =C69*C41 -> 0
A71: F | B71: Multa do FGTS e contribuição social sobre o Aviso Prévio Trabalhado "D" | C71: =C69*4.36% -> 0
A72: Total | C72: =SUM(C66:C71) -> 0
A75: Módulo 4 - Custo de Reposição do Profissional Ausente
A78: Submódulo 4.1 - Substituto nas Ausências Legais
B79: Base de cálculo para custo do profissional ausente (substituto): BCCPA: (Rem + 13° Sal. + Férias + 1/3) x Item Reposição. | C79: =C17+C27 -> 0
A80: 4.1 | B80: Ausências Legais | C80: Valor (R$)
A81: A | B81: Substituto na cobertura das Férias | C81: =$C$79*8.33% -> 0
A82: B | B82: Substituto na cobertura das Ausências Legais | C82: =$C$79*0.82% -> 0
A83: C | B83: Substituto na cobertura das Licença-Paternidade | C83: =$C$79*0.02% -> 0
A84: D | B84: Substituto na cobertura das Ausência por acidente de trabalho | C84: =$C$79*0.03% -> 0
A85: E | B85: Substituto na cobertura das Afastamento Maternidade | C85: =$C$79*0.07% -> 0
A86: F | B86: Substituto na cobertura da Ausência por doença | C86: =$C$79*1.39% -> 0
A87: Total | C87: =SUM(C81:C86) -> 0
A90: Submódulo 4.2 - Intrajornada
A92: 4.2 | B92: Intrajornada | C92: Valor (R$)
A93: A | B93: Intervalo para repouso e alimentação
A94: Total
A97: Quadro-Resumo do Módulo 4 - Custo de Reposição do Profissional Ausente
A99: 4 | B99: Custo de Reposição do Profissional Ausente | C99: Valor (R$)
A100: 4.1 | B100: Ausências Legais | C100: =C87 -> 0
A101: 4.2 | B101: Intrajornada
A102: Total | C102: =SUM(C100:C101) -> 0
A105: Módulo 5 - Insumos Diversos
A107: 5 | B107: Insumos Diversos | C107: Valor (R$)
A113: Total | C113: =SUM(C108:C112) -> 0
A116: Módulo 6 - Custos Indiretos, Tributos e Lucro
A118: 6 | B118: Custos Indiretos, Tributos e Lucro | C118: Percentual (%) | D118: Valor (R$)
A119: A | B119: Custos Indiretos | C119: 0 | D119: =($C$17+$C$60+$C$72+$C$102+$C$113)*C119% -> 0
A120: B | B120: Taxa de Administração | C120: 0 | D120: =($C$17+$C$60+$C$72+$C$102+$C$113+D119)*C120% -> 0
A121: C | B121: Tributos | C121: 0
B122: C.1. Tributos Federais (PIS) | C122: 0 | D122: =$D$127*C122% -> 0
B123: C.2. Tributos Federais (COFINS) | C123: 0 | D123: =$D$127*C123% -> 0
B124: C.3. Tributos Municipais (ISSQN) | C124: 0 | D124: =$D$127*C124% -> 0
A125: Total | D125: =SUM(D119:D124) -> 0
D127: =(C136+D119+D120)/(1-C121/100) -> 0
A128: 2. QUADRO-RESUMO DO CUSTO MENSAL POR EMPREGADO
B130: Mão de obra vinculada à execução contratual (valor por empregado) | C130: Valor (R$)
A131: A | B131: Módulo 1 - Composição da Remuneração | C131: =C17 -> 0
A132: B | B132: Módulo 2 - Encargos e Benefícios Anuais, Mensais e Diários | C132: =C60 -> 0
A133: C | B133: Módulo 3 - Provisão para Rescisão | C133: =C72 -> 0
A134: D | B134: Módulo 4 - Custo de Reposição do Profissional Ausente | C134: =C102 -> 0
A135: E | B135: Módulo 5 - Insumos Diversos | C135: =C113 -> 0
A136: Subtotal (A + B +C+ D+E) | C136: =C131+C132+C133+C134+C135 -> 0
A137: F | B137: Módulo 6 – Custos Indiretos, Tributos e Lucro | C137: =D125 -> 0
A138: Valor Homem | C138: =C136+C137 -> 0
A139: Valor Hora | C139: =C138/186 -> 0

Sheet Administ
A1: PLANILHA DE COMPOSIÇÃO DE CUSTOS E FORMAÇÃO DE PREÇOS
A2: MODELO
A3: ASSISTENTE ADMINISTRATIVO
A7: Módulo 1 - Composição da Remuneração
A9: 1 | B9: Composição da Remuneração | C9: Valor (R$)
A10: A | B10: Salário-Base | C10: 0
A11: B | B11: Adicional de Periculosidade
A12: C | B12: Adicional de Insalubridade 40% | C12: =C10*0.4 -> 0
A13: D | B13: Adicional Noturno
A14: E | B14: Adicional de Hora Noturna Reduzida
A15: F | B15: Descanso Semanal Remunerado
A16: G | B16: Outros (especificar)
A17: Total | C17: =SUM(C10:C16) -> 0
A18: * Salário- Base SINDASSEIO
A20: Módulo 2 - Encargos e Benefícios Anuais, Mensais e Diários
A22: Submódulo 2.1 - 13º (décimo terceiro) Salário, Férias e Adicional de Férias
A24: 2.1 | B24: 13º (décimo terceiro) Salário, Férias e Adicional de Férias | C24: Valor (R$)
A25: A | B25: 13º (décimo terceiro) Salário | C25: =C17*8.33% -> 0
A26: B | B26: Férias e Adicional de Férias | C26: =C17*11.11% -> 0
A27: Total | C27: =SUM(C25:C26) -> 0
A30: Submódulo 2.2 - Encargos Previdenciários (GPS), Fundo de Garantia por Tempo de Serviço (FGTS) e outras contribuições.
E31: FAP
A32: 2.2 | B32: GPS, FGTS e outras contribuições | C32: Percentual (%) | D32: Valor (R$)
A33: A | B33: INSS | C33: 0 | D33: =($C$17+$C$27)*C33 -> 0
A34: B | B34: Salário Educação | C34: 0 | D34: =($C$17+$C$27)*C34 -> 0
A35: C | B35: SAT | C35: 0 | D35: =($C$17+$C$27)*C35 -> 0 | E35: 1
A36: D | B36: SESC ou SESI | C36: 0 | D36: =($C$17+$C$27)*C36 -> 0
A37: E | B37: SENAI - SENAC | C37: 0 | D37: =($C$17+$C$27)*C37 -> 0
A38: F | B38: SEBRAE | C38: 0 | D38: =($C$17+$C$27)*C38 -> 0
A39: G | B39: INCRA | C39: 0 | D39: =($C$17+$C$27)*C39 -> 0
A40: H | B40: FGTS | C40: 0.08 | D40: =($C$17+$C$27)*C40 -> 0
A41: Total | C41: =SUM(C33:C40) -> 0.08 | D41: =SUM(D33:D40) -> 0
A44: Submódulo 2.3 - Benefícios Mensais e Diários.
A46: 2.3 | B46: Benefícios Mensais e Diários | C46: Valor (R$)
A47: A | B47: Transporte | C47: =(E47*44)-(C10*0.06) -> 0 | D47: Tarifa/Transporte | E47: 0
A48: B | B48: Auxílio-Refeição/Alimentação | C48: =(E48*22)-((E48*22)*18%) -> 0 | D48: Auxílio Refeição | E48: 0
A49: C | B49: Benefício (Plano de Benefício Familiar) | C49: =E49 -> 0 | D49: PBF - Convenção | E49: 0
A50: D | B50: Outros (especificar)
A51: Total | C51: =SUM(C47:C50) -> 0
A54: Quadro-Resumo do Módulo 2 - Encargos e Benefícios anuais, mensais e diários
A56: 2 | B56: Encargos e Benefícios Anuais, Mensais e Diários | C56: Valor (R$)
A57: 2.1 | B57: 13º (décimo terceiro) Salário, Férias e Adicional de Férias | C57: =C27 -> 0
A58: 2.2 | B58: GPS, FGTS e outras contribuições | C58: =D41 -> 0
A59: 2.3 | B59: Benefícios Mensais e Diários | C59: =C51 -> 0
A60: Total | C60: =SUM(C57:C59) -> 0
A63: Módulo 3 - Provisão para Rescisão
A65: 3 | B65: Provisão para Rescisão | C65: Valor (R$)
A66: A | B66: Aviso Prévio Indenizado | C66: =$C$17*0.42% -> 0
A67: B | B67: Incidência do FGTS sobre o Aviso Prévio Indenizado | C67: =$C$17*0.034% -> 0
A68: C | B68: Multa do FGTS e contribuição social sobre o Aviso Prévio Indenizado | C68: =$C$17*0.017% -> 0
A69: D | B69: Aviso Prévio Trabalhado (APT Final de contrato 1,94 e APT Rotatividade 0,04) | C69: =$C$17*1.98% -> 0 | D69: * 1,94% apenas no primeiro ano de contrato
A70: E | B70: Incidência dos encargos do submódulo 2.2 sobre o Aviso Prévio Trabalhado "D" | C70: =C69*C41 -> 0
A71: F | B71: Multa do FGTS e contribuição social sobre o Aviso Prévio Trabalhado "D" | C71: =C69*4.36% -> 0
A72: Total | C72: =SUM(C66:C71) -> 0
A75: Módulo 4 - Custo de Reposição do Profissional Ausente
A78: Submódulo 4.1 - Substituto nas Ausências Legais
B79: Base de cálculo para custo do profissional ausente (substituto): BCCPA: (Rem + 13° Sal. + Férias + 1/3) x Item Reposição. | C79: =C17+C27 -> 0
A80: 4.1 | B80: Ausências Legais | C80: Valor (R$)
A81: A | B81: Substituto na cobertura das Férias | C81: =$C$79*8.33% -> 0
A82: B | B82: Substituto na cobertura das Ausências Legais | C82: =$C$79*0.82% -> 0
A83: C | B83: Substituto na cobertura das Licença-Paternidade | C83: =$C$79*0.02% -> 0
A84: D | B84: Substituto na cobertura das Ausência por acidente de trabalho | C84: =$C$79*0.03% -> 0
A85: E | B85: Substituto na cobertura das Afastamento Maternidade | C85: =$C$79*0.07% -> 0
A86: F | B86: Substituto na cobertura da Ausência por doença | C86: =$C$79*1.39% -> 0
A87: Total | C87: =SUM(C81:C86) -> 0
A90: Submódulo 4.2 - Intrajornada
A92: 4.2 | B92: Intrajornada | C92: Valor (R$)
A93: A | B93: Intervalo para repouso e alimentação
A94: Total
A97: Quadro-Resumo do Módulo 4 - Custo de Reposição do Profissional Ausente
A99: 4 | B99: Custo de Reposição do Profissional Ausente | C99: Valor (R$)
A100: 4.1 | B100: Ausências Legais | C100: =C87 -> 0
A101: 4.2 | B101: Intrajornada
A102: Total | C102: =SUM(C100:C101) -> 0
A105: Módulo 5 - Insumos Diversos
A107: 5 | B107: Insumos Diversos | C107: Valor (R$)
A113: Total | C113: =SUM(C108:C112) -> 0
A116: Módulo 6 - Custos Indiretos, Tributos e Lucro
A118: 6 | B118: Custos Indiretos, Tributos e Lucro | C118: Percentual (%) | D118: Valor (R$)
A119: A | B119: Custos Indiretos | C119: 0 | D119: =($C$17+$C$60+$C$72+$C$102+$C$113)*C119% -> 0
A120: B | B120: Taxa de Administração | C120: 0 | D120: =($C$17+$C$60+$C$72+$C$102+$C$113+D119)*C120% -> 0
A121: C | B121: Tributos | C121: 0
B122: C.1. Tributos Federais (PIS) | C122: 0 | D122: =$D$127*C122% -> 0
B123: C.2. Tributos Federais (COFINS) | C123: 0 | D123: =$D$127*C123% -> 0
B124: C.3. Tributos Municipais (ISSQN) | C124: 0 | D124: =$D$127*C124% -> 0
A125: Total | D125: =SUM(D119:D124) -> 0
D127: =(C136+D119+D120)/(1-C121/100) -> 0
A128: 2. QUADRO-RESUMO DO CUSTO MENSAL POR EMPREGADO
B130: Mão de obra vinculada à execução contratual (valor por empregado) | C130: Valor (R$)
A131: A | B131: Módulo 1 - Composição da Remuneração | C131: =C17 -> 0
A132: B | B132: Módulo 2 - Encargos e Benefícios Anuais, Mensais e Diários | C132: =C60 -> 0
A133: C | B133: Módulo 3 - Provisão para Rescisão | C133: =C72 -> 0
A134: D | B134: Módulo 4 - Custo de Reposição do Profissional Ausente | C134: =C102 -> 0
A135: E | B135: Módulo 5 - Insumos Diversos | C135: =C113 -> 0
A136: Subtotal (A + B +C+ D+E) | C136: =C131+C132+C133+C134+C135 -> 0
A137: F | B137: Módulo 6 – Custos Indiretos, Tributos e Lucro | C137: =D125 -> 0
A138: Valor Homem | C138: =C136+C137 -> 0
A139: Valor Hora | C139: =C138/200 -> 0

Sheet Zelador
A1: PLANILHA DE COMPOSIÇÃO DE CUSTOS E FORMAÇÃO DE PREÇOS
A2: MODELO
A3: ZELADOR
A7: Módulo 1 - Composição da Remuneração
A9: 1 | B9: Composição da Remuneração | C9: Valor (R$)
A10: A | B10: Salário-Base | C10: 0
A11: B | B11: Adicional de Periculosidade
A12: C | B12: Adicional de Insalubridade 40% | C12: =C10*0.4 -> 0
A13: D | B13: Adicional Noturno
A14: E | B14: Adicional de Hora Noturna Reduzida
A15: F | B15: Descanso Semanal Remunerado
A16: G | B16: Outros (especificar)
A17: Total | C17: =SUM(C10:C16) -> 0
A18: * Salário- Base SINDASSEIO
A20: Módulo 2 - Encargos e Benefícios Anuais, Mensais e Diários
A22: Submódulo 2.1 - 13º (décimo terceiro) Salário, Férias e Adicional de Férias
A24: 2.1 | B24: 13º (décimo terceiro) Salário, Férias e Adicional de Férias | C24: Valor (R$)
A25: A | B25: 13º (décimo terceiro) Salário | C25: =C17*8.33% -> 0
A26: B | B26: Férias e Adicional de Férias | C26: =C17*11.11% -> 0
A27: Total | C27: =SUM(C25:C26) -> 0
A30: Submódulo 2.2 - Encargos Previdenciários (GPS), Fundo de Garantia por Tempo de Serviço (FGTS) e outras contribuições.
E31: FAP
A32: 2.2 | B32: GPS, FGTS e outras contribuições | C32: Percentual (%) | D32: Valor (R$)
A33: A | B33: INSS | C33: 0 | D33: =($C$17+$C$27)*C33 -> 0
A34: B | B34: Salário Educação | C34: 0 | D34: =($C$17+$C$27)*C34 -> 0
A35: C | B35: SAT | C35: 0 | D35: =($C$17+$C$27)*C35 -> 0 | E35: 1
A36: D | B36: SESC ou SESI | C36: 0 | D36: =($C$17+$C$27)*C36 -> 0
A37: E | B37: SENAI - SENAC | C37: 0 | D37: =($C$17+$C$27)*C37 -> 0
A38: F | B38: SEBRAE | C38: 0 | D38: =($C$17+$C$27)*C38 -> 0
A39: G | B39: INCRA | C39: 0 | D39: =($C$17+$C$27)*C39 -> 0
A40: H | B40: FGTS | C40: 0.08 | D40: =($C$17+$C$27)*C40 -> 0
A41: Total | C41: =SUM(C33:C40) -> 0.08 | D41: =SUM(D33:D40) -> 0
A44: Submódulo 2.3 - Benefícios Mensais e Diários.
A46: 2.3 | B46: Benefícios Mensais e Diários | C46: Valor (R$)
A47: A | B47: Transporte | C47: =(E47*44)-(C10*0.06) -> 0 | D47: Tarifa/Transporte | E47: 0
A48: B | B48: Auxílio-Refeição/Alimentação | C48: =(E48*22)-((E48*22)*18%) -> 0 | D48: Auxílio Refeição | E48: 0
A49: C | B49: Benefício (Plano de Benefício Familiar) | C49: =E49 -> 0 | D49: PBF - Convenção | E49: 0
A50: D | B50: Outros (especificar)
A51: Total | C51: =SUM(C47:C50) -> 0
A54: Quadro-Resumo do Módulo 2 - Encargos e Benefícios anuais, mensais e diários
A56: 2 | B56: Encargos e Benefícios Anuais, Mensais e Diários | C56: Valor (R$)
A57: 2.1 | B57: 13º (décimo terceiro) Salário, Férias e Adicional de Férias | C57: =C27 -> 0
A58: 2.2 | B58: GPS, FGTS e outras contribuições | C58: =D41 -> 0
A59: 2.3 | B59: Benefícios Mensais e Diários | C59: =C51 -> 0
A60: Total | C60: =SUM(C57:C59) -> 0
A63: Módulo 3 - Provisão para Rescisão
A65: 3 | B65: Provisão para Rescisão | C65: Valor (R$)
A66: A | B66: Aviso Prévio Indenizado | C66: =$C$17*0.42% -> 0
A67: B | B67: Incidência do FGTS sobre o Aviso Prévio Indenizado | C67: =$C$17*0.034% -> 0
A68: C | B68: Multa do FGTS e contribuição social sobre o Aviso Prévio Indenizado | C68: =$C$17*0.017% -> 0
A69: D | B69: Aviso Prévio Trabalhado (APT Final de contrato 1,94 e APT Rotatividade 0,04) | C69: =$C$17*1.98% -> 0 | D69: * 1,94% apenas no primeiro ano de contrato
A70: E | B70: Incidência dos encargos do submódulo 2.2 sobre o Aviso Prévio Trabalhado "D" | C70: =C69*C41 -> 0
A71: F | B71: Multa do FGTS e contribuição social sobre o Aviso Prévio Trabalhado "D" | C71: =C69*4.36% -> 0
A72: Total | C72: =SUM(C66:C71) -> 0
A75: Módulo 4 - Custo de Reposição do Profissional Ausente
A78: Submódulo 4.1 - Substituto nas Ausências Legais
B79: Base de cálculo para custo do profissional ausente (substituto): BCCPA: (Rem + 13° Sal. + Férias + 1/3) x Item Reposição. | C79: =C17+C27 -> 0
A80: 4.1 | B80: Ausências Legais | C80: Valor (R$)
A81: A | B81: Substituto na cobertura das Férias | C81: =$C$79*8.33% -> 0
A82: B | B82: Substituto na cobertura das Ausências Legais | C82: =$C$79*0.82% -> 0
A83: C | B83: Substituto na cobertura das Licença-Paternidade | C83: =$C$79*0.02% -> 0
A84: D | B84: Substituto na cobertura das Ausência por acidente de trabalho | C84: =$C$79*0.03% -> 0
A85: E | B85: Substituto na cobertura das Afastamento Maternidade | C85: =$C$79*0.07% -> 0
A86: F | B86: Substituto na cobertura da Ausência por doença | C86: =$C$79*1.39% -> 0
A87: Total | C87: =SUM(C81:C86) -> 0
A90: Submódulo 4.2 - Intrajornada
A92: 4.2 | B92: Intrajornada | C92: Valor (R$)
A93: A | B93: Intervalo para repouso e alimentação
A94: Total
A97: Quadro-Resumo do Módulo 4 - Custo de Reposição do Profissional Ausente
A99: 4 | B99: Custo de Reposição do Profissional Ausente | C99: Valor (R$)
A100: 4.1 | B100: Ausências Legais | C100: =C87 -> 0
A101: 4.2 | B101: Intrajornada
A102: Total | C102: =SUM(C100:C101) -> 0
A105: Módulo 5 - Insumos Diversos
A107: 5 | B107: Insumos Diversos | C107: Valor (R$)
A113: Total | C113: =SUM(C108:C112) -> 0
A116: Módulo 6 - Custos Indiretos, Tributos e Lucro
A118: 6 | B118: Custos Indiretos, Tributos e Lucro | C118: Percentual (%) | D118: Valor (R$)
A119: A | B119: Custos Indiretos | C119: 0 | D119: =($C$17+$C$60+$C$72+$C$102+$C$113)*C119% -> 0
A120: B | B120: Taxa de Administração | C120: 0 | D120: =($C$17+$C$60+$C$72+$C$102+$C$113+D119)*C120% -> 0
A121: C | B121: Tributos | C121: 0
B122: C.1. Tributos Federais (PIS) | C122: 0 | D122: =$D$127*C122% -> 0
B123: C.2. Tributos Federais (COFINS) | C123: 0 | D123: =$D$127*C123% -> 0
B124: C.3. Tributos Municipais (ISSQN) | C124: 0 | D124: =$D$127*C124% -> 0
A125: Total | D125: =SUM(D119:D124) -> 0
D127: =(C136+D119+D120)/(1-C121/100) -> 0
A128: 2. QUADRO-RESUMO DO CUSTO MENSAL POR EMPREGADO
B130: Mão de obra vinculada à execução contratual (valor por empregado) | C130: Valor (R$)
A131: A | B131: Módulo 1 - Composição da Remuneração | C131: =C17 -> 0
A132: B | B132: Módulo 2 - Encargos e Benefícios Anuais, Mensais e Diários | C132: =C60 -> 0
A133: C | B133: Módulo 3 - Provisão para Rescisão | C133: =C72 -> 0
A134: D | B134: Módulo 4 - Custo de Reposição do Profissional Ausente | C134: =C102 -> 0
A135: E | B135: Módulo 5 - Insumos Diversos | C135: =C113 -> 0
A136: Subtotal (A + B +C+ D+E) | C136: =C131+C132+C133+C134+C135 -> 0
A137: F | B137: Módulo 6 – Custos Indiretos, Tributos e Lucro | C137: =D125 -> 0
A138: Valor Homem | C138: =C136+C137 -> 0
A139: Valor Hora | C139: =C138/200 -> 0

Sheet Aux. almox
A1: PLANILHA DE COMPOSIÇÃO DE CUSTOS E FORMAÇÃO DE PREÇOS
A2: MODELO
A3: AUXILIAR DE ALMOXARIFADO/SUPRIMENTOS
A7: Módulo 1 - Composição da Remuneração
A9: 1 | B9: Composição da Remuneração | C9: Valor (R$)
A10: A | B10: Salário-Base | C10: 0
A11: B | B11: Adicional de Periculosidade
A12: C | B12: Adicional de Insalubridade 40% | C12: =C10*0.4 -> 0
A13: D | B13: Adicional Noturno
A14: E | B14: Adicional de Hora Noturna Reduzida
A15: F | B15: Descanso Semanal Remunerado
A16: G | B16: Outros (especificar)
A17: Total | C17: =SUM(C10:C16) -> 0
A18: * Salário- Base SINDASSEIO
A20: Módulo 2 - Encargos e Benefícios Anuais, Mensais e Diários
A22: Submódulo 2.1 - 13º (décimo terceiro) Salário, Férias e Adicional de Férias
A24: 2.1 | B24: 13º (décimo terceiro) Salário, Férias e Adicional de Férias | C24: Valor (R$)
A25: A | B25: 13º (décimo terceiro) Salário | C25: =C17*8.33% -> 0
A26: B | B26: Férias e Adicional de Férias | C26: =C17*11.11% -> 0
A27: Total | C27: =SUM(C25:C26) -> 0
A30: Submódulo 2.2 - Encargos Previdenciários (GPS), Fundo de Garantia por Tempo de Serviço (FGTS) e outras contribuições.
E31: FAP
A32: 2.2 | B32: GPS, FGTS e outras contribuições | C32: Percentual (%) | D32: Valor (R$)
A33: A | B33: INSS | C33: 0 | D33: =($C$17+$C$27)*C33 -> 0
A34: B | B34: Salário Educação | C34: 0 | D34: =($C$17+$C$27)*C34 -> 0
A35: C | B35: SAT | C35: 0 | D35: =($C$17+$C$27)*C35 -> 0 | E35: 1
A36: D | B36: SESC ou SESI | C36: 0 | D36: =($C$17+$C$27)*C36 -> 0
A37: E | B37: SENAI - SENAC | C37: 0 | D37: =($C$17+$C$27)*C37 -> 0
A38: F | B38: SEBRAE | C38: 0 | D38: =($C$17+$C$27)*C38 -> 0
A39: G | B39: INCRA | C39: 0 | D39: =($C$17+$C$27)*C39 -> 0
A40: H | B40: FGTS | C40: 0.08 | D40: =($C$17+$C$27)*C40 -> 0
A41: Total | C41: =SUM(C33:C40) -> 0.08 | D41: =SUM(D33:D40) -> 0
A44: Submódulo 2.3 - Benefícios Mensais e Diários.
A46: 2.3 | B46: Benefícios Mensais e Diários | C46: Valor (R$)
A47: A | B47: Transporte | C47: =(E47*44)-(C10*0.06) -> 0 | D47: Tarifa/Transporte | E47: 0
A48: B | B48: Auxílio-Refeição/Alimentação | C48: =(E48*22)-((E48*22)*18%) -> 0 | D48: Auxílio Refeição | E48: 0
A49: C | B49: Benefício (Plano de Benefício Familiar) | C49: =E49 -> 0 | D49: PBF - Convenção | E49: 0
A50: D | B50: Outros (especificar)
A51: Total | C51: =SUM(C47:C50) -> 0
A54: Quadro-Resumo do Módulo 2 - Encargos e Benefícios anuais, mensais e diários
A56: 2 | B56: Encargos e Benefícios Anuais, Mensais e Diários | C56: Valor (R$)
A57: 2.1 | B57: 13º (décimo terceiro) Salário, Férias e Adicional de Férias | C57: =C27 -> 0
A58: 2.2 | B58: GPS, FGTS e outras contribuições | C58: =D41 -> 0
A59: 2.3 | B59: Benefícios Mensais e Diários | C59: =C51 -> 0
A60: Total | C60: =SUM(C57:C59) -> 0
A63: Módulo 3 - Provisão para Rescisão
A65: 3 | B65: Provisão para Rescisão | C65: Valor (R$)
A66: A | B66: Aviso Prévio Indenizado | C66: =$C$17*0.42% -> 0
A67: B | B67: Incidência do FGTS sobre o Aviso Prévio Indenizado | C67: =$C$17*0.034% -> 0
A68: C | B68: Multa do FGTS e contribuição social sobre o Aviso Prévio Indenizado | C68: =$C$17*0.017% -> 0
A69: D | B69: Aviso Prévio Trabalhado (APT Final de contrato 1,94 e APT Rotatividade 0,04) | C69: =$C$17*1.98% -> 0 | D69: * 1,94% apenas no primeiro ano de contrato
A70: E | B70: Incidência dos encargos do submódulo 2.2 sobre o Aviso Prévio Trabalhado "D" | C70: =C69*C41 -> 0
A71: F | B71: Multa do FGTS e contribuição social sobre o Aviso Prévio Trabalhado "D" | C71: =C69*4.36% -> 0
A72: Total | C72: =SUM(C66:C71) -> 0
A75: Módulo 4 - Custo de Reposição do Profissional Ausente
A78: Submódulo 4.1 - Substituto nas Ausências Legais
B79: Base de cálculo para custo do profissional ausente (substituto): BCCPA: (Rem + 13° Sal. + Férias + 1/3) x Item Reposição. | C79: =C17+C27 -> 0
A80: 4.1 | B80: Ausências Legais | C80: Valor (R$)
A81: A | B81: Substituto na cobertura das Férias | C81: =$C$79*8.33% -> 0
A82: B | B82: Substituto na cobertura das Ausências Legais | C82: =$C$79*0.82% -> 0
A83: C | B83: Substituto na cobertura das Licença-Paternidade | C83: =$C$79*0.02% -> 0
A84: D | B84: Substituto na cobertura das Ausência por acidente de trabalho | C84: =$C$79*0.03% -> 0
A85: E | B85: Substituto na cobertura das Afastamento Maternidade | C85: =$C$79*0.07% -> 0
A86: F | B86: Substituto na cobertura da Ausência por doença | C86: =$C$79*1.39% -> 0
A87: Total | C87: =SUM(C81:C86) -> 0
A90: Submódulo 4.2 - Intrajornada
A92: 4.2 | B92: Intrajornada | C92: Valor (R$)
A93: A | B93: Intervalo para repouso e alimentação
A94: Total
A97: Quadro-Resumo do Módulo 4 - Custo de Reposição do Profissional Ausente
A99: 4 | B99: Custo de Reposição do Profissional Ausente | C99: Valor (R$)
A100: 4.1 | B100: Ausências Legais | C100: =C87 -> 0
A101: 4.2 | B101: Intrajornada
A102: Total | C102: =SUM(C100:C101) -> 0
A105: Módulo 5 - Insumos Diversos
A107: 5 | B107: Insumos Diversos | C107: Valor (R$)
A113: Total | C113: =SUM(C108:C112) -> 0
A116: Módulo 6 - Custos Indiretos, Tributos e Lucro
A118: 6 | B118: Custos Indiretos, Tributos e Lucro | C118: Percentual (%) | D118: Valor (R$)
A119: A | B119: Custos Indiretos | C119: 0 | D119: =($C$17+$C$60+$C$72+$C$102+$C$113)*C119% -> 0
A120: B | B120: Taxa de Administração | C120: 0 | D120: =($C$17+$C$60+$C$72+$C$102+$C$113+D119)*C120% -> 0
A121: C | B121: Tributos | C121: 0
B122: C.1. Tributos Federais (PIS) | C122: 0 | D122: =$D$127*C122% -> 0
B123: C.2. Tributos Federais (COFINS) | C123: 0 | D123: =$D$127*C123% -> 0
B124: C.3. Tributos Municipais (ISSQN) | C124: 0 | D124: =$D$127*C124% -> 0
A125: Total | D125: =SUM(D119:D124) -> 0
D127: =(C136+D119+D120)/(1-C121/100) -> 0
A128: 2. QUADRO-RESUMO DO CUSTO MENSAL POR EMPREGADO
B130: Mão de obra vinculada à execução contratual (valor por empregado) | C130: Valor (R$)
A131: A | B131: Módulo 1 - Composição da Remuneração | C131: =C17 -> 0
A132: B | B132: Módulo 2 - Encargos e Benefícios Anuais, Mensais e Diários | C132: =C60 -> 0
A133: C | B133: Módulo 3 - Provisão para Rescisão | C133: =C72 -> 0
A134: D | B134: Módulo 4 - Custo de Reposição do Profissional Ausente | C134: =C102 -> 0
A135: E | B135: Módulo 5 - Insumos Diversos | C135: =C113 -> 0
A136: Subtotal (A + B +C+ D+E) | C136: =C131+C132+C133+C134+C135 -> 0
A137: F | B137: Módulo 6 – Custos Indiretos, Tributos e Lucro | C137: =D125 -> 0
A138: Valor Homem | C138: =C136+C137 -> 0
A139: Valor Hora | C139: =C138/200 -> 0

Sheet Insumos-Serviços
A1: PLANILHA DE COMPOSIÇÃO DE CUSTOS E FORMAÇÃO DE PREÇOS
A2: MODELO
A3: INSUMOS E SERVIÇOS
A8: Módulo 5 - Insumos e Serviços
A10: 5 | B10: Insumos Diversos | C10: Valor (R$)
A11: 5.1 | B11: Manutenções prediais | C11: 0
A12: 5.2 | B12: Manutenção de mobiliários, aparelhos e equipamentos hospitalares | C12: 0
A13: 5.3 | B13: Manutenção do gerador de energia | C13: 0
A14: 5.4 | B14: Serviços de lavanderia | C14: 0
A15: 5.5 | B15: Fornecimento e gestão de roupa de cama | C15: 0
A16: 5.6 | B16: Fornecimento e gestão de uniformes | C16: 0
A17: 5.7 | B17: Fornecimento e gestão de EPI | C17: 0
A18: 5.8 | B18: Fornecimento de materiais de limpeza | C18: 0
A19: 5.9 | B19: Fornecimento de medicamentos | C19: 0
A20: 5.10 | B20: Fornecimento de materiais hospitalares | C20: 0
A21: 5.11 | B21: Fornecimento de materiais de expediente | C21: 0
A22: 5.12 | B22: Contas de consumo: água, luz, telefone, internet | C22: 0
... A27: 5.17 | B27: Serviços de radiologia médica com emissão de laudo diagnóstico | C27: 0
A28: Total | C28: =SUM(C11:C27) -> 0
A31: Módulo 6 - Custos Indiretos, Tributos e Lucro
A33: 6 | B33: Custos Indiretos, Tributos e Lucro | C33: Percentual (%) | D33: Valor (R$)
A34: A | B34: Custos Indiretos | C34: 0 | D34: =($C$28)*C34% -> 0
A35: B | B35: Taxa de Administração | C35: 0 | D35: =($C$28+D34)*C35% -> 0
A36: C | B36: Tributos | C36: 0
B37: C.1. Tributos Federais (PIS) | C37: 0 | D37: =$D$42*C37% -> 0
B38: C.2. Tributos Federais (COFINS) | C38: 0 | D38: =$D$42*C38% -> 0
B39: C.3. Tributos Municipais (ISSQN) | C39: 0 | D39: =$D$42*C39% -> 0
A40: Total | D40: =SUM(D34:D39) -> 0
D42: =(C47+D34+D35)/(1-C36/100) -> 0
A43: QUADRO-RESUMO
B45: Insumos e Serviços | C45: Valor (R$)
A46: E | B46: Módulo 5 - Insumos e Serviços | C46: =C28 -> 0
A47: Subtotal | C47: =+C46 -> 0
A48: F | B48: Módulo 6 – Custos Indiretos, Tributos e Lucro | C48: =D40 -> 0
A49: Valor Total Demais Serviços e Insumos | C49: =C47+C48 -> 0

Sheet RESUMO FINAL
A1: PLANILHA DE COMPOSIÇÃO DE CUSTOS E FORMAÇÃO DE PREÇOS
A2: MODELO
A3: RESUMO FINAL
A4: ITENS | B4: DESCRIÇÃO | C4: HORAS MÊS | D4: VALOR HORA | E4: VALOR MENSAL | F4: VALOR ANUAL
A5: 1 | B5: Médico Clínico | C5: 2232 | D5: ='Médico Clinico'!C139 -> 0 | E5: =C5*D5 -> 0 | F5: =E5*12 -> 0
A6: 2 | B6: Médico Pediatra | C6: 1488 | D6: ='Médico Ped'!C139 -> 0 | E6: =C6*D6 -> 0 | F6: =E6*12 -> 0
A7: 3 | B7: Médico Clínico Reforço | C7: 189 | D7: ='Médico Reforço'!C139 -> 0 | E7: =C7*D7 -> 0 | F7: =E7*12 -> 0
A8: 4 | B8: Enfermeiro Dia | C8: =2232/2 -> 1116 | D8: ='Enfermeiro Dia'!C139 -> 0 | E8: =C8*D8 -> 0 | F8: =E8*12 -> 0
A9: 5 | B9: Enfermeiro Noite | C9: 1116 | D9: ='Enfermeiro Noite'!C139 -> 0 | E9: =C9*D9 -> 0 | F9: =E9*12 -> 0
A10: 6 | B10: Enfermeiro Coordenador Geral | C10: 200 | D10: ='Enfermeiro Coord'!C139 -> 0 | E10: =C10*D10 -> 0 | F10: =E10*12 -> 0
A11: 7 | B11: Técnico Enfermagem Dia | C11: 3348 | D11: ='Téc. Enf. Dia'!C139 -> 0 | E11: =C11*D11 -> 0 | F11: =E11*12 -> 0
A12: 8 | B12: Técnico Enfermagem Noite | C12: 3348 | D12: ='Téc Enf. Noite'!C139 -> 0 | E12: =C12*D12 -> 0 | F12: =E12*12 -> 0
A13: 9 | B13: Farmaceutico Dia | C13: 372 | D13: ='Farmac Dia'!C139 -> 0 | E13: =C13*D13 -> 0 | F13: =E13*12 -> 0
A14: 10 | B14: Farmaceutico Noite | C14: 372 | D14: ='Farmac Noite'!C139 -> 0 | E14: =C14*D14 -> 0 | F14: =E14*12 -> 0
A15: 11 | B15: Aux. Limpeza Dia | C15: 744 | D15: ='Limp Dia'!C139 -> 0 | E15: =C15*D15 -> 0 | F15: =E15*12 -> 0
A16: 12 | B16: Aux. Limpeza Noite | C16: 744 | D16: ='Limp Noite'!C139 -> 0 | E16: =C16*D16 -> 0 | F16: =E16*12 -> 0
A17: 13 | B17: Atendentes Dia | C17: 744 | D17: ='Atend Dia'!C139 -> 0 | E17: =C17*D17 -> 0 | F17: =E17*12 -> 0
A18: 14 | B18: Atendentes Noite | C18: 744 | D18: ='Atend Noite'!C139 -> 0 | E18: =C18*D18 -> 0 | F18: =E18*12 -> 0
A19: 15 | B19: Segurança Dia | C19: 744 | D19: ='Seg Dia'!C139 -> 0 | E19: =C19*D19 -> 0 | F19: =E19*12 -> 0
A20: 16 | B20: Segurança Noite | C20: 744 | D20: ='Seg Noite'!C139 -> 0 | E20: =C20*D20 -> 0 | F20: =E20*12 -> 0
A21: 17 | B21: Assistente Administrativo | C21: 200 | D21: =Administ!C139 -> 0 | E21: =C21*D21 -> 0 | F21: =E21*12 -> 0
A22: 18 | B22: Zelador | C22: 200 | D22: =Zelador!C139 -> 0 | E22: =C22*D22 -> 0 | F22: =E22*12 -> 0
A23: 19 | B23: Auxiliar de almoxarifado | C23: 200 | D23: ='Aux. almox'!C139 -> 0 | E23: =C23*D23 -> 0 | F23: =E23*12 -> 0
A24: 20 | B24: Demais serviços e insumos diversos | E24: ='Insumos-Serviços'!C49 -> 0 | F24: =E24*12 -> 0
B25: VALOR POR UPA | C25: =SUM(C5:C24) -> 18845 | E25: =SUM(E5:E24) -> 0 | F25: =SUM(F5:F24) -> 0
B27: BASE DE CALCULO CCL | F27: 31967661
B28: PERCENTUAL SOLICITADO | F28: 0.1666
B29: CCL NECESSÁRIO | C29: Clausula 10.3 do termo de referência | F29: 5325812.3
B31: BASE DE CALCULO PL | F31: 39557462
B32: PERCENTUAL SOLICITADO | F32: 0.1
B33: PL NECESSÁRIO | C33: Clausula 10.2.1 do termo de referência | F33: 3955746.2
